 Dungeon Crawl Stone Soup version 0.26.1-11-gd32895ea62 (webtiles) character file.

Game seed: 3933949201261323461

11680197 xelsha the Conqueror (level 27, 249/249 HPs)
             Began as a Gnoll Gladiator on Apr 23, 2021.
             Was the Champion of Cheibriados.
             Escaped with the Orb
             ... and 15 runes on Apr 28, 2021!
             The game lasted 12:20:48 (142997 turns).

xelsha the Conqueror (Gnoll Gladiator)            Turns: 142997, Time: 12:20:48

Health: 249/249    AC: 38    Str: 37      XL:     27
Magic:  72/72      EV: 40    Int: 32 (35) God:    Cheibriados [******]
Gold:   16350      SH:  0    Dex: 34      Spells: 6/80 levels left

rFire    + + +     SeeInvis .   R - +10 dark maul {vorpal}
rCold    + + +     Faith    .   (shield currently unavailable)
rNeg     + + +     Spirit   .   P - +10 pearl dragon scales
rPois    +         Reflect  .   (no helmet)
rElec    +         Harm     .   D - scarf {rC+ rF+}
rCorr    .         Rampage  .   S - +0 pair of gloves of Intercession {*Drain rF++ rC+ Regen+}
Will     ++++.                  i - +0 pair of boots of Uloveer {rPois rF- Will+ Regen+}
Stlth    ++++......             J - amulet of Stoicism {Acrobat rN+ MP+9 Slay+5}
HPRegen  1.31/turn              j - ring "Veriecod" {rElec rN+ MP+9 Stlth-}
MPRegen  0.43/turn              n - ring "Cejinkia" {rF+ rC+ Will+ Str+4}

@: very slow
A: distributed training, fangs 2, hooves 1, thin metallic scales 1, camouflage
1, evolution 1, sturdy frame 1, strong nose
0: Orb of Zot
}: 15/15 runes: serpentine, barnacled, slimy, silver, golden, iron, obsidian,
icy, bone, abyssal, demonic, glowing, magical, fiery, dark
a: Renounce Religion, Bend Time, Temporal Distortion, Slouch, Step From Time


You escaped.
You worshipped Cheibriados.
Cheibriados was exalted by your worship.
You visited 17 branches of the dungeon, and saw 89 of its levels.
You visited Pandemonium 1 time, and saw 20 of its levels.
You visited the Abyss 4 times.
You visited 2 ziggurats (completing 1), and saw 46 of their levels.
You also visited: Bailey, Ice Cave, Volcano and Desolation.

You collected 19546 gold pieces.
You spent 3196 gold pieces at shops.

Inventory:

Hand Weapons
 w - the +10 hand crossbow "Hust" {flame, Dex+2}
   (You found it on level 16 of a ziggurat)

   It causes projectiles fired from it to burn those they strike, causing extra
   injury to most foes and up to half again as much damage against particularly
   susceptible opponents.
   It affects your dexterity (+2).
 N - the +8 demon trident "Rift" {distort, reach+}
   (You found it on level 23 of a ziggurat)

   It warps and distorts space around it.
   Unwielding it can cause banishment or high damage.
 Q - a +9 demon trident of electrocution
 R - the +10 dark maul (weapon) {vorpal}
   (You found it on level 24 of a ziggurat)

   It inflicts extra damage upon your enemies.
Missiles
 d - 12 throwing nets (quivered)
 o - 68 silver javelins
 U - 2515 bolts
Armour
 i - the +0 pair of boots of Uloveer (worn) {rPois rF- Will+ Regen+}
   (You acquired it on level 5 of the Realm of Zot)

   It makes you vulnerable to fire.
   It protects you from poison.
   It affects your willpower, your defense against some magical effects.
   It increases your rate of regeneration.
 C - the +2 helmet of Day {+Blink rPois rCorr Dex-2}
   (You acquired it on level 14 of the Dungeon)

   It affects your dexterity (-2).
   It protects you from poison.
   It lets you blink.
   It provides partial protection from all sources of acid and corrosion.
 D - a scarf of resistance (worn)
 H - the +3 kite shield of Tuxtorig {rC+ Regen+ SInv}
   (You found it on level 5 of the Dungeon)

   It protects you from cold.
   It lets you see invisible.
   It increases your rate of regeneration.
 P - +10 pearl dragon scales (worn)
 S - the +0 pair of gloves of Intercession (worn) {*Drain rF++ rC+ Regen+}
   (You found it on level 12 of a ziggurat)

   It greatly protects you from fire.
   It protects you from cold.
   It increases your rate of regeneration.
   It causes draining when unequipped.
 V - the +18 shield of the Gong {rElec rN+ Will+ EV-5}
   (You found it on level 7 of Gehenna)

   It affects your evasion (-5).
   It insulates you from electricity.
   It protects you from negative energy.
   It affects your willpower, your defense against some magical effects.
Jewellery
 j - the ring "Veriecod" (left hand) {rElec rN+ MP+9 Stlth-}
   (You found it on level 4 of the Snake Pit)

   [ring of magical power]

   It insulates you from electricity.
   It protects you from negative energy.
   It affects your magic capacity (+9).
   It makes you less stealthy.
 n - the ring "Cejinkia" (right hand) {rF+ rC+ Will+ Str+4}
   (You acquired it on level 3 of the Lair of Beasts)

   [ring of willpower]

   It affects your strength (+4).
   It protects you from fire.
   It protects you from cold.
   It affects your willpower, your defense against some magical effects.
 J - the amulet of Stoicism (around neck) {Acrobat rN+ MP+9 Slay+5}
   (You found it on level 18 of a ziggurat)

   [amulet of the acrobat]

   It helps you evade while moving and waiting.
   It affects your accuracy and damage with ranged weapons and melee attacks
   (+5).
   It protects you from negative energy.
   It affects your magic capacity (+9).
 T - the macabre finger necklace {rN+}
   (You found it on level 22 of a ziggurat)

   [amulet of nothing]

   It protects you from negative energy.
Wands
 a - a wand of iceblast (103)
 s - a wand of acid (26)
 G - a wand of polymorph (63)
 K - a wand of paralysis (96)
 M - a wand of enslavement (73)
 W - a wand of digging (16)
Scrolls
 c - 7 scrolls of silence
 f - 10 scrolls of blinking
 h - 64 scrolls of teleportation
 l - 45 scrolls of remove curse
 q - 17 scrolls of identify
 y - 5 scrolls of magic mapping
 E - 12 scrolls of fear
 F - 2 scrolls of acquirement
 L - 43 scrolls of fog
 O - 3 scrolls of summoning
 Y - 8 scrolls of holy word
 Z - 15 scrolls of amnesia
Potions
 b - 10 potions of lignification
 e - 11 potions of mutation
 g - 5 potions of heal wounds
 k - 3 potions of invisibility
 m - 2 potions of resistance
 u - 10 potions of brilliance
 v - 13 potions of curing
 z - 7 potions of flight
 B - 16 potions of might
 I - 11 potions of ambrosia
 X - 6 potions of cancellation
Miscellaneous
 t - a +1 figurine of a ziggurat


   Skills:
 O Level 27 Fighting
 O Level 27 Short Blades
 O Level 27 Long Blades
 O Level 27 Axes
 O Level 27 Maces & Flails
 O Level 27 Polearms
 O Level 27 Staves
 O Level 27 Slings
 O Level 27 Bows
 O Level 27 Crossbows
 O Level 27 Throwing
 O Level 27 Armour
 O Level 27 Dodging
 O Level 27 Stealth
 O Level 27 Shields
 O Level 27 Unarmed Combat
 O Level 27 Spellcasting
 + Level 26.8 Conjurations
 + Level 26.8 Hexes
 + Level 26.8 Summonings
 + Level 26.8 Necromancy
 + Level 26.8 Translocations
 + Level 26.8 Transmutations
 + Level 26.8 Fire Magic
 + Level 26.8 Ice Magic
 + Level 26.8 Air Magic
 + Level 26.8 Earth Magic
 + Level 26.8 Poison Magic
 O Level 27 Invocations
 O Level 27 Evocations


You had 6 spell levels left.
You knew the following spells:

 Your Spells              Type           Power        Failure   Level
a - Ignition              Fire           60%          1%          8
b - Infestation           Necr           60%          1%          8
c - Lehudib's Crystal Sp  Conj/Erth      60%          1%          8
d - Dragon's Call         Summ           60%          1%          9
e - Borgnjor's Vile Clut  Necr/Erth      60%          0%          5
f - Irradiate             Conj/Tmut      60%          0%          5
g - Shatter               Erth           60%          1%          9
h - Spellforged Servitor  Conj/Summ      60%          0%          7
j - Summon Lightning Spi  Summ/Air       100%         0%          4
k - Sublimation of Blood  Necr           60%          0%          2
l - Apportation           Tloc           100%         0%          1
m - Necromutation         Tmut/Necr      60%          1%          8

Your spell library contained the following spells:

 Spells                   Type           Power        Failure   Level
 Animate Skeleton         Necr           100%         0%          1
 Beastly Appendage        Tmut           100%         0%          1
 Corona                   Hex            100%         0%          1
 Foxfire                  Conj/Fire      100%         0%          1
 Freeze                   Ice            100%         0%          1
 Magic Dart               Conj           100%         0%          1
 Pain                     Necr           100%         0%          1
 Sandblast                Erth           100%         0%          1
 Shock                    Conj/Air       100%         0%          1
 Sting                    Tmut/Pois      100%         0%          1
 Summon Small Mammal      Summ           100%         0%          1
 Blink                    Tloc           N/A          0%          2
 Call Imp                 Summ           100%         0%          2
 Corpse Rot               Necr/Air       N/A          0%          2
 Ensorcelled Hibernation  Hex/Ice        100%         0%          2
 Passwall                 Tmut/Erth      100%         0%          2
 Poisonous Vapours        Pois/Air       100%         0%          2
 Searing Ray              Conj           100%         0%          2
 Slow                     Hex            100%         0%          2
 Swiftness                Air            100%         0%          2
 Wereblood                Tmut           100%         0%          2
 Call Canine Familiar     Summ           100%         0%          3
 Confusing Touch          Hex            100%         0%          3
 Conjure Flame            Conj/Fire      100%         0%          3
 Dazzling Flash           Conj/Hex       100%         0%          3
 Frozen Ramparts          Ice            100%         0%          3
 Gell's Gravitas          Tloc           60%          0%          3
 Ignite Poison            Fire/Tmut/Pois 100%         0%          3
 Inner Flame              Hex/Fire       100%         0%          3
 Lesser Beckoning         Tloc           60%          0%          3
 Mephitic Cloud           Conj/Pois/Air  100%         0%          3
 Ozocubu's Armour         Ice            100%         0%          3
 Portal Projectile        Hex/Tloc       100%         0%          3
 Spider Form              Tmut/Pois      60%          0%          3
 Static Discharge         Conj/Air       100%         0%          3
 Stone Arrow              Conj/Erth      100%         0%          3
 Summon Guardian Golem    Hex/Summ       100%         0%          3
 Teleport Other           Tloc           100%         0%          3
 Tukima's Dance           Hex            100%         0%          3
 Vampiric Draining        Necr           60%          0%          3
 Airstrike                Air            60%          0%          4
 Animate Dead             Necr           60%          0%          4
 Cause Fear               Hex            60%          0%          4
 Dispel Undead            Necr           100%         0%          4
 Fulminant Prism          Conj/Hex       60%          0%          4
 Hailstorm                Conj/Ice       100%         0%          4
 Ice Form                 Ice/Tmut       100%         0%          4
 Iskenderun's Mystic Bla  Conj/Tloc      100%         0%          4
 Leda's Liquefaction      Hex/Erth       60%          0%          4
 Olgreb's Toxic Radiance  Pois           100%         0%          4
 Passage of Golubria      Tloc           N/A          0%          4
 Petrify                  Tmut/Erth      100%         0%          4
 Sticky Flame             Conj/Fire      100%         0%          4
 Summon Ice Beast         Ice/Summ       100%         0%          4
 Agony                    Necr           100%         0%          5
 Alistair's Intoxication  Tmut/Pois      80%          0%          5
 Blade Hands              Tmut           60%          0%          5
 Bolt of Magma            Conj/Fire/Erth 60%          0%          5
 Excruciating Wounds      Necr           60%          0%          5
 Fireball                 Conj/Fire      60%          0%          5
 Iskenderun's Battlesphe  Conj           100%         0%          5
 Lee's Rapid Deconstruct  Erth           60%          0%          5
 Lightning Bolt           Conj/Air       60%          0%          5
 Metabolic Englaciation   Hex/Ice        60%          0%          5
 Silence                  Hex/Air        60%          0%          5
 Summon Demon             Summ           60%          0%          5
 Summon Forest            Summ/Tloc      60%          0%          5
 Summon Mana Viper        Hex/Summ       100%         0%          5
 Yara's Violent Unravell  Hex/Tmut       60%          0%          5
 Conjure Ball Lightning   Conj/Air       60%          0%          6
 Death Channel            Necr           60%          0%          6
 Dispersal                Tloc           60%          0%          6
 Eringya's Noxious Bog    Tmut/Pois      60%          0%          6
 Freezing Cloud           Conj/Ice/Air   60%          0%          6
 Hydra Form               Tmut           60%          0%          6
 Invisibility             Hex            100%         0%          6
 Iron Shot                Conj/Erth      60%          0%          6
 Ozocubu's Refrigeration  Ice            60%          0%          6
 Shadow Creatures         Summ           N/A          0%          6
 Simulacrum               Ice/Necr       60%          0%          6
 Starburst                Conj/Fire      60%          0%          6
 Statue Form              Tmut/Erth      80%          0%          6
 Dragon Form              Tmut           60%          0%          7
 Haunt                    Necr/Summ      60%          0%          7
 Malign Gateway           Summ/Tloc      60%          0%          7
 Monstrous Menagerie      Summ           60%          0%          7
 Orb of Destruction       Conj           60%          0%          7
 Summon Greater Demon     Summ           60%          0%          7
 Summon Hydra             Summ           60%          0%          7
 Borgnjor's Revivificati  Necr           60%          1%          8
 Chain Lightning          Conj/Air       60%          1%          8
 Discord                  Hex            60%          1%          8
 Disjunction              Tloc           60%          1%          8
 Summon Horrible Things   Summ           60%          1%          8
 Absolute Zero            Ice            60%          1%          9
 Death's Door             Necr           60%          1%          9
 Fire Storm               Conj/Fire      60%          1%          9
 Tornado                  Air            60%          1%          9


Dungeon Overview and Level Annotations

Branches:
Dungeon (15/15)            Temple (0/1) D:4            Lair (6/6) D:9
 Shoals (4/4) Lair:2        Snake (4/4) Lair:2        Slime (5/5) Lair:6
    Orc (2/2) D:9             Elf (3/3) Orc:2        Vaults (5/5) D:13
  Crypt (3/3) Vaults:3       Tomb (3/3) Crypt:3      Depths (5/5) D:15
   Hell (visited)             Dis (7/7) Hell            Geh (7/7) Hell
    Coc (7/7) Hell            Tar (7/7) Hell            Zot (5/5) Depths:5
 Bailey (visited)           IceCv (visited)         Volcano (visited)
Desolation (visited)

Altars:
Cheibriados
Gozag
Kikubaaqudgha
Okawaru
Qazlal
Ru
Sif Muna
Uskayaw
Vehumet
Beogh
Jiyva

Shops:
D:4 ::![[   D:10 [   D:14 ((}   Orc:1 *   Orc:2 :}!(=   Elf:1 !   Shoals:2 (
Shoals:3 **   Snake:1 *   Vaults:5 [*(   Zot:4 *

Portals:
Hell: Depths:1 Depths:2 Depths:3 Depths:4 Depths:5
Abyss: Depths:4
Pandemonium: Depths:1 Depths:2 Depths:3 Depths:4 Depths:5


Innate Abilities, Weirdness & Mutations

Your experience applies equally to all skills.
You have extremely sharp teeth.
Your uncanny sense of smell can sniff out nearby items.
You have large cloven feet.
You are partially covered in thin metallic scales. (AC +2)
Your skin changes colour to match your surroundings (Stealth+).
You evolve.
Your movements are slightly less encumbered by armour. (ER -2)


Message History

There is a stone staircase leading up here.
You climb upwards.
There is a stone staircase leading down here.
Search for what [Enter for "orb", or ? for help]? entrance Can't find anything matching that.
Unknown command.
A hellion comes into view.
The hellion gestures at you.
The sphere of damnation explodes!
The damnation engulfs you!! The hellion misses you. x2
The hellion gestures at you.
The sphere of damnation explodes!
The damnation engulfs you!
The damnation engulfs the hellion.
The hellion completely resists.
You crush the hellion like a grape!!!
You kill the hellion!
Cheibriados appreciates the change of pace.
You see here a +0 dagger.
There is a staircase leading out of the dungeon here.
Unknown command.
You have escaped!

......######.####.###.#.#.#.#
.##.#.#.........#...#.#.#.#.#
.##.#.#########.###[#.#.#.#.#
.##.#.#...........#...#.#.#.#
.##.#.#.###.#####.###.#...#.#
.##.#...#...#...#...#.#.###.#
###)#.###.###.#.###.#.#.#.#.#
###.#.#...#...#.....#...#.#.#
....#.#.###.###.@.###.###.#.#
#####.#.#...#.....#...#...#.#
#.#.#.#.#.###.#.###.###.#
#.###.#.#...#...#...#...#
#.#...#.###.#####.###.###
#####.#.#.#...#...........#
......#.#.#.#.###.#########
..[.>.#.#.#.#...#.........#
...[..#.#.#.###.####.######


There were no monsters in sight!

Vanquished Creatures
  Cerebov (Pan)
  Antaeus (Coc:7)
  Asmodeus (Geh:7)
  the Royal Jelly (Slime:5)
  Gloorx Vloq (Pan)
  Lom Lobon (Pan)
  Mnoleg (Pan)
  Ereshkigal (Tar:7)
  Khufu (Tomb:3)
  Dispater (Dis:7)
  2 orbs of fire (Zot:5)
  Mara (Vaults:3)
  10 ancient liches
  Mennas (Pan)
  11 juggernauts
  27 royal mummies
  13 shard shrikes
  5 Killer Klowns (Zot:5)
  Bai Suzhen (Shoals:4)
  Vashnia (Snake:4)
  Xtahua (Crypt:2)
  11 golden dragons
  A caustic shrike (Depths:2)
  A curse toe (Zot:1)
  The ghost of Droegar the Slayer, an adept MiBe of Trog (Vaults:2)
  4 pearl dragons (Zig:20)
  29 bone dragons
  Jory (Crypt:2)
  44 Tzitzimimeh
  32 Brimstone Fiends
  18 liches
  18 iron giants
  16 doom hounds
  4 electric golems
  25 Orb Guardians
  12 deep elf blademasters
  30 tentacled monstrosities
  25 Hell Sentinels
  9 pandemonium lords
  20 Ice Fiends
  16 titans
  12 quicksilver dragons
  7 deep elf master archers
  33 tentacled starspawn
  48 acid blobs
  19 Executioners
  Polyphemus (Shoals:4)
  An eldritch tentacle (Abyss:1)
  13 sphinxes
  3 death cobs
  A kraken (Shoals:1)
  The ghost of Sassenached the Bludgeoner, an adept BaWn of Gozag (Snake:1)
  5 tengu reavers
  24 ancient champions
  21 shadow dragons
  Donald (Snake:1)
  17 storm dragons
  7 revenants
  The ghost of Soupharph the Geomancer, an adept GrEE of Vehumet (D:14)
  2 thorn hunters (Zig:19)
  25 nagarajas
  6 daevas
  25 azure jellies
  15 draconian monks
  18 frost giants
  20 fire giants
  9 iron dragons
  15 corrupters
  6 ghost moths
  14 warmongers
  The ghost of Wekaw the Ruinous, an adept DECj of Sif Muna (Snake:4)
  3 orc warlords
  2 juggernaut zombies (Zig:15)
  13 draconian knights
  6 deep elf sorcerers
  4 draconian shifters
  25 cacodemons
  A caustic shrike zombie (Zig:11)
  43 balrugs
  14 draconian scorchers
  3 spriggan defenders
  Aizul (Depths:1)
  An emperor scorpion (Zig:15)
  14 vault wardens
  4 curse skulls
  6 ghouls
  6 deep elf elementalists
  18 ironheart preservers
  13 angels
  2 elemental wellsprings (Coc:5)
  17 war gargoyles
  75 reapers
  17 draconian stormcallers
  12 apis
  4 draconian annihilators
  29 very ugly things
  41 stone giants
  9 ophanim
  2 caustic shrike skeletons
  10 black draconians
  14 green draconians
  6 black suns
  12 blood saints
  4 entropy weavers
  A dire elephant (Abyss:1)
  14 vampire knights
  20 deep elf demonologists
  2 bennus (Tomb:2)
  10 lorocyprocas
  2 bunyips (Zig:19)
  17 red draconians
  10 spark wasps
  The ghost of Gonodgh the Peltast, a journeyman MiFi of Cheibriados (D:13)
  15 deep elf annihilators
  30 blizzard demons
  2 halazid warlocks (Desolation)
  20 ettins
  6 yellow draconians
  11 purple draconians
  5 eidola
  4 crystal guardians (Desolation)
  8 deep elf death magi
  22 green deaths
  26 mummy priests
  6 merfolk javelineers
  2 eleionomae (Zig:19)
  11 death oozes
  12 white draconians
  A kraken zombie (Hell)
  15 ogre magi
  6 merfolk impalers
  4 ragged hierophants (Desolation)
  8 fire dragons
  3 spectral krakens (Tar:7)
  9 deep elf high priests
  A shambling mangrove (Zig:19)
  21 yaktaur captains
  4 quicksilver dragon zombies
  14 jiangshi
  21 great orbs of eyes
  2 great orbs of eyes (shapeshifter)
  33 vault guards
  9 servants of whispers (Desolation)
  6 merfolk avatars
  3 quicksilver dragon skeletons
  Erolcha (D:9)
  23 ice dragons
  Harold (D:7)
  9 rakshasas
  4 monstrous demonspawn
  13 peacekeepers (Desolation)
  11 boulder beetles
  32 naga warriors
  5 spriggan air magi
  18 hydras
  A hell beast (D:13)
  5 alligators
  5 death knights
  8 centaur warriors
  3 alligator snapping turtles
  3 satyrs (Shoals:4)
  2 catoblepae
  3 ghost crabs
  Erica (D:9)
  9 anacondas
  45 two-headed ogres
  32 dancing weapons
  6 merfolk aquamancers
  5 death yaks
  15 deep troll shamans
  5 tengu warriors
  31 death scarabs
  2 two-headed ogres (shapeshifter)
  A satyr (shapeshifter) (Depths:5)
  The ghost of Cleetus the Cleaver, a novice FoFi of Okawaru (D:15)
  14 naga sharpshooters
  72 thrashing horrors
  10 deep troll earth magi
  5 spriggan berserkers
  14 vampire magi
  Urug (Lair:5)
  22 hell hogs
  6 nameless horrors
  15 titan zombies
  7 spriggans
  78 sun demons
  5 orc high priests
  34 deep elf knights
  14 shock serpents
  2 storm dragon zombies
  Nergalle (Orc:2)
  7 iron golems
  161 skeletal warriors
  2 fire crabs
  43 soul eaters
  26 wretched stars
  22 iron trolls
  8 titan skeletons
  30 sixfirhies
  9 death drakes
  21 shadow wraiths
  4 salamander mystics
  10 spatial maelstroms
  A spriggan druid (Zig:19)
  38 hell knights
  10 unseen horrors
  6 gelid demonspawn (Pan)
  8 naga ritualists
  12 sea snakes
  An unseen horror (shapeshifter) (Zig:6)
  2 ghost moth zombies
  8 torturous demonspawn
  120 large abominations
  6 cherubim
  2 death drakes (shapeshifter)
  7 golden dragon zombies
  A spark wasp zombie (Zig:15)
  36 deep trolls
  3 storm dragon skeletons
  12 wizards
  3 goliath frogs
  43 shadow demons
  9 anaconda zombies
  5 orange crystal statues
  24 flayed ghosts
  6 shadow dragon zombies
  2 obsidian statues (Zig:8)
  10 deep elf archers
  15 glowing orange brains
  A bunyip skeleton (Crypt:2)
  2 bog bodies
  7 swamp dragons
  5 infernal demonspawn
  A kraken simulacrum (Hell)
  A tengu zombie (Zig:16)
  38 harpies
  26 ironbrand convokers
  44 small abominations
  184 starcursed masses
  7 anaconda skeletons
  7 golden dragon skeletons
  A goliath frog zombie (Crypt:1)
  9 wolf spider zombies
  20 orc knights
  7 necromancers
  2 tengu skeletons
  33 phantasmal warriors
  6 frost giant zombies
  91 deep elf magi
  9 fire giant zombies
  6 stone giant zombies
  An orb spider (Zig:2)
  9 mana vipers
  2 cyclopes (shapeshifter)
  18 fauns
  15 orc sorcerers
  14 shining eyes
  6 will-o-the-wisps
  4 wolf spiders
  A faun (shapeshifter) (Vaults:2)
  51 ugly things
  12 cyclopes
  11 manticores
  12 iron dragon zombies
  A glowing shapeshifter (Zig:5)
  11 salamanders
  22 moths of wrath
  3 shadow dragon skeletons
  A shock serpent zombie (Tar:4)
  7 water nymphs
  Maurice (Orc:1)
  9 iron dragon skeletons
  7 worldbinders
  43 black mambas
  Joseph (D:9)
  4 apocalypse crabs
  10 vault sentinels
  An elephant (shapeshifter) (Zig:5)
  2 spriggan zombies
  10 merfolk sirens
  5 elephants
  21 fire giant skeletons
  5 torpor snails
  3 frost giant skeletons
  3 dire elephant zombies
  23 guardian serpents
  A torpor snail (shapeshifter) (Zig:24)
  2 titan simulacra (Coc:7)
  54 smoke demons
  5 eyes of devastation
  5 ice statues
  7 stone giant skeletons
  22 naga magi
  5 gargoyles
  3 storm dragon simulacra (Coc:7)
  A water nymph (shapeshifter) (Vaults:4)
  40 rust devils
  16 molten gargoyles
  3 dire elephant skeletons
  A catoblepas zombie (Geh:6)
  2 shock serpent skeletons
  Maggie (D:7)
  42 hellions
  A rime drake (shapeshifter) (Vaults:1)
  3 emperor scorpion zombies
  7 spectral swamp worms (Tar:7)
  7 cane toads
  A yaktaur zombie (Vaults:3)
  38 orange demons
  2 komodo dragons (shapeshifter)
  16 komodo dragons
  27 efreet
  5 rime drakes
  27 ancient zymes
  43 freezing wraiths
  38 ice devils
  15 demonic crawlers
  56 yaktaurs
  2 elf skeletons (Zig:15)
  3 anaconda simulacra
  38 guardian mummies
  23 hellwings
  2 human skeletons (Vaults:2)
  63 tormentors
  A tengu conjurer (Vaults:2)
  3 harpy zombies
  2 yaktaur skeletons
  14 hydra zombies
  3 silent spectres
  A meliai (D:13)
  A polar bear (shapeshifter) (D:15)
  3 jumping spiders (Zig:4)
  A jumping spider (shapeshifter) (Vaults:1)
  21 polar bears
  A merfolk (shapeshifter) (Elf:2)
  32 merfolk
  39 red devils
  10 trolls
  The ghost of Darold the Cleaver, an amateur HOMo (D:3)
  4 hydra skeletons
  A minotaur skeleton (Geh:7)
  9 hornets
  A tyrant leech (shapeshifter) (Vaults:4)
  A slime creature (shapeshifter) (Abyss:3)
  A wind drake (shapeshifter) (Vaults:5)
  5 tyrant leeches (Zig:19)
  11 wind drakes
  2 bloated husks (Zig:19)
  An ettin zombie (Coc:4)
  17 snapping turtles
  50 raiju
  75 saltlings (Desolation)
  A stone giant simulacrum (Vaults:3)
  2 meliai zombies (D:15)
  5 alligator zombies
  3 fire dragon zombies
  152 slime creatures
  A fire giant simulacrum (Coc:7)
  4 ice dragon zombies
  11 blink frogs
  11 dream sheep
  127 flying skulls
  2 redbacks (shapeshifter)
  A spriggan (shapeshifter) (Zig:6)
  A frost giant simulacrum (Zig:14)
  Sigmund (D:6)
  6 ice dragon skeletons
  4 ettin skeletons
  36 shadows
  3 redbacks
  16 ushabtiu
  11 air elementals
  2 tarantellas (shapeshifter)
  37 wraiths
  8 fire dragon skeletons
  A yak (shapeshifter) (Vaults:4)
  46 ynoxinuls
  A black mamba zombie (Tar:4)
  17 vampires
  32 water elementals
  8 wyverns
  2 alligator skeletons (Coc:4)
  3 basilisks
  4 elf zombies
  13 fire elementals
  59 yaks
  20 humans (D:13)
  15 fire bats
  12 golden eyes
  39 chaos spawn
  7 vampire mosquitoes
  Menkaure (D:4)
  A catoblepas simulacrum (Abyss:3)
  30 neqoxecs
  A black mamba skeleton (Geh:2)
  5 spatial vortices
  2 steam dragons
  10 wargs
  77 nagas
  A swamp worm (shapeshifter) (Elf:3)
  3 merfolk zombies
  A warg (shapeshifter) (D:15)
  4 acid dragons
  14 water moccasins
  A hydra simulacrum (Coc:7)
  68 hell hounds
  10 floating eyes
  Duvessa (D:4)
  9 cane toad zombies
  A hornet zombie (D:13)
  53 orc warriors
  2 swamp drakes
  4 black bears
  18 ice beasts
  6 sky beasts (Depths:5)
  2 alligator simulacra (Hell)
  An eye of draining (shapeshifter) (Depths:2)
  30 eyes of draining
  2 black bears (shapeshifter)
  2 ettin simulacra
  2 manticore zombies
  10 phantoms
  A sky beast (shapeshifter) (Vaults:2)
  2 swamp dragon zombies
  2 cane toad skeletons
  4 snapping turtle zombies
  15 boggarts
  32 necrophages
  31 wolves
  3 manticore skeletons
  43 ogres
  2 swamp dragon skeletons
  A blink frog skeleton (Crypt:1)
  A dream sheep skeleton (Crypt:1)
  17 centaurs
  An elf simulacrum (Zig:14)
  3 snapping turtle skeletons
  3 human zombies
  3 big kobolds
  5 earth elementals
  A big kobold (shapeshifter) (Depths:5)
  15 bullfrogs
  A gnoll sergeant (D:9)
  A wyvern zombie (D:13)
  2 glowing shapeshifter simulacra
  A cane toad simulacrum (Abyss:3)
  Dowan (D:4)
  3 wyvern skeletons
  7 scorpions
  A raiju zombie (Crypt:2)
  96 wights
  An electric eel (D:8)
  A howler monkey (D:6)
  3 troll skeletons
  9 crimson imps
  9 quasits
  4 bullfrog skeletons
  12 lava snakes
  A bullfrog zombie (D:13)
  4 centaur zombies
  16 jellies
  4 centaur skeletons
  10 hounds
  41 iron imps
  15 orc priests
  Crazy Yiuf (D:7)
  A gnoll shaman (Orc:2)
  2 iguanas (D:13)
  41 orc wizards
  10 hell rats
  8 worker ants
  8 lightning spires
  A killer bee zombie (Crypt:1)
  An ogre zombie (Crypt:2)
  An acid dragon skeleton (Crypt:1)
  A deep dwarf zombie (Crypt:2)
  2 naga skeletons
  2 human simulacra (D:11)
  A hound skeleton (D:9)
  A killer bee simulacrum (D:8)
  A howler monkey zombie (D:10)
  55 mummies
  A worker ant zombie (D:11)
  12 gnolls
  A scorpion zombie (Crypt:1)
  12 adders
  24 shadow imps
  25 white imps
  12 ufetubi
  3 oozes
  An adder zombie (D:5)
  4 worms
  3 adder skeletons
  6 dart slugs
  8 leopard geckos
  144 orcs
  5 ball pythons
  3 giant cockroaches (D:1)
  12 goblins
  8 hobgoblins
  8 jackals
  4 quokkas
  5 bats
  10 frilled lizards
  A gnoll zombie (Crypt:2)
  10 kobolds
  A kobold zombie (Tar:4)
  2 leopard gecko skeletons
  2 leopard gecko zombies
  An orc skeleton (Abyss:3)
  An orc zombie (Geh:1)
  A quokka skeleton (D:8)
  7 rats
  9 crawling corpses (Zig:24)
  3 fire vortices (Pan)
  A lurking horror (Abyss:3)
  3 pillars of salt (Vaults:1)
  26 starspawn tentacles
  10 tentacles
6796 creatures vanquished.

Vanquished Creatures (collateral kills)
  The ghost of Tempus the Hoplite, a legendary BaFE of Vehumet (Zig:9)
  2 ancient liches
  A juggernaut (Zig:17)
  2 pandemonium lords
  6 royal mummies
  A Killer Klown (Zot:5)
  3 curse toes (Zot:5)
  3 caustic shrikes
  Geryon (Hell)
  A golden dragon (Zot:5)
  2 bone dragons
  A pearl dragon (Zig:20)
  A Tzitzimitl (Pan)
  3 Brimstone Fiends
  2 iron giants
  2 tentacled monstrosities
  3 Orb Guardians (Zot:5)
  2 titans
  A Hell Sentinel (Pan)
  17 acid blobs
  3 tentacled starspawn
  2 ancient champions
  A sphinx (Zot:1)
  4 Executioners
  A storm dragon (Zot:5)
  10 nagarajas
  Roxanne (Snake:2)
  3 shadow dragons
  7 azure jellies
  2 draconian monks
  6 daevas (Zig:20)
  A draconian knight (Zig:26)
  5 balrugs
  A fire giant (Zig:17)
  3 deep elf sorcerers
  2 iron dragons
  A ghost moth (Zig:15)
  2 frost giants
  6 cacodemons
  3 draconian scorchers
  4 warmongers
  2 juggernaut zombies (Zig:16)
  4 draconian shifters
  8 draconian annihilators
  4 very ugly things
  13 reapers
  4 draconian stormcallers
  An ophan (Pan)
  4 stone giants
  2 blood saints
  A war gargoyle (Vaults:5)
  An apis (Zig:20)
  4 green draconians
  2 black suns (Pan)
  4 deep elf annihilators
  5 black draconians
  A bunyip (Zig:19)
  8 red draconians
  2 corrupters (Pan)
  3 dire elephants (Zig:12)
  2 yellow draconians
  2 white draconians
  3 purple draconians
  A lorocyproca (Zig:23)
  5 ettins
  4 blizzard demons
  7 green deaths
  2 death oozes
  3 mummy priests (Tomb:2)
  6 great orbs of eyes
  An ice dragon (Coc:7)
  A vault guard (Vaults:4)
  3 yaktaur captains
  4 naga warriors
  A servant of whispers (Desolation)
  4 monstrous demonspawn
  3 hell beasts
  2 deep elf high priests (Elf:3)
  12 hydras
  A merfolk avatar (Shoals:4)
  A ghost crab (Zig:19)
  2 anacondas
  4 dancing weapons (Elf:2)
  2 ogre magi
  A hell hog (Geh:7)
  A death yak (Zig:12)
  13 death scarabs (Tomb:3)
  A satyr (Shoals:4)
  8 naga sharpshooters
  3 shock serpents
  6 sun demons
  A titan zombie (Zig:16)
  A soul eater (Pan)
  2 deep elf knights (Elf:3)
  6 thrashing horrors
  A salamander mystic (Snake:4)
  2 sixfirhies
  2 skeletal warriors
  3 spatial maelstroms
  4 wretched stars
  6 cherubim
  A sea snake (Shoals:3)
  A flayed ghost (Crypt:3)
  2 nameless horrors
  3 spriggan druids (Zig:19)
  An orange crystal statue (Depths:1)
  A gelid demonspawn (Pan)
  A wizard (Pan)
  2 shadow demons
  2 naga ritualists
  A bog body (Zig:19)
  3 hell knights
  A torturous demonspawn (Zig:23)
  A swamp dragon (Zig:19)
  2 harpies (Shoals:4)
  A sphinx zombie (Zig:16)
  A shadow dragon zombie (Zig:16)
  A necromancer (Geh:7)
  An ironbrand convoker (Vaults:2)
  A mana viper (Snake:2)
  3 fauns (Shoals:4)
  4 deep elf magi
  A manticore (Shoals:4)
  5 salamanders
  7 shining eyes
  3 shadow dragon skeletons
  2 moths of wrath
  An iron dragon skeleton (Zig:22)
  7 naga magi
  8 guardian serpents
  3 cyclopes (Zig:17)
  A torpor snail (Zig:12)
  5 rust devils
  A molten gargoyle (Hell)
  A stone giant skeleton (Coc:7)
  2 apocalypse crabs (Abyss:3)
  5 smoke demons
  A guardian serpent (shapeshifter) (Zig:22)
  A dire elephant skeleton (Tomb:2)
  13 black mambas
  2 orange demons
  6 eyes of devastation
  4 hellions
  A catoblepas skeleton (Tomb:3)
  3 demonic crawlers
  A kobold demonologist (Depths:4)
  6 tormentors
  8 freezing wraiths
  2 yaktaurs (Vaults:4)
  2 efreet
  4 ancient zymes
  2 komodo dragons (Zig:12)
  A tengu conjurer (Vaults:2)
  3 hellwings
  6 ice devils
  A golden dragon simulacrum (Zig:22)
  6 guardian mummies
  6 small abominations
  A wind drake (Shoals:4)
  7 red devils
  9 large abominations
  A merfolk (Shoals:4)
  8 saltlings (Desolation)
  A polar bear (shapeshifter) (Depths:2)
  A hornet (Zig:19)
  A harpy skeleton (Tomb:2)
  A hydra skeleton (Coc:7)
  3 raiju (Zig:22)
  2 ice dragon zombies
  A fire giant simulacrum (Tomb:2)
  A snapping turtle (Shoals:4)
  An air elemental (Abyss:3)
  42 slime creatures
  2 ynoxinuls (Pan)
  An ice dragon skeleton (Coc:3)
  2 water elementals (Coc:3)
  An elf zombie (Zig:16)
  5 ushabtiu (Tomb:2)
  13 flying skulls
  A spriggan (Zig:19)
  A shadow (Zig:8)
  2 yaks (Zig:12)
  A fire dragon skeleton (Tomb:2)
  A human (shapeshifter) (Vaults:1)
  2 fire elementals
  7 golden eyes
  A wyvern (Zig:12)
  4 fire bats (Abyss:3)
  A vampire mosquito (Zig:19)
  10 neqoxecs
  A chaos spawn (Abyss:3)
  A spatial vortex (Abyss:3)
  23 nagas
  2 water moccasins (Zig:12)
  6 hell hounds
  19 starcursed masses
  4 ice beasts
  6 eyes of draining
  A snapping turtle zombie (Tomb:2)
  A centaur (Vaults:4)
  3 ogres
  A necrophage (Crypt:1)
  A centaur (shapeshifter) (Zig:22)
  3 wights (Tar:1)
  6 iron imps (Zig:16)
  A hell rat (Hell)
  12 mummies
  3 white imps (Zig:15)
  A ball lightning (Pan)
  A crawling corpse (Vaults:4)
  2 fire vortices (Pan)
  4 starspawn tentacles
735 creatures vanquished.

Vanquished Creatures (others)
  A pandemonium lord (Pan)
  A titan (Pan)
  2 eldritch tentacles
  An azure jelly (Zig:18)
  A balrug (Pan)
  2 draconian knights (Zig:26)
  A frost giant (Zot:1)
  2 curse skulls (Zig:9)
  An iron dragon (Dis:7)
  A draconian annihilator (Zig:26)
  A blood saint (Zig:18)
  A black draconian (Zot:5)
  A blizzard demon (Coc:4)
  A green death (Zig:19)
  An eleionoma (Zig:19)
  A spriggan air mage (Depths:5)
  A death knight (D:15)
  An alligator (Zig:19)
  A hell beast (Zig:18)
  A merfolk aquamancer (Shoals:4)
  2 hell hogs
  A spriggan (Zig:19)
  A goliath frog (Zig:19)
  2 spriggan druids (Zig:19)
  2 will-o-the-wisps (Zig:19)
  A black mamba (Zig:10)
  2 smoke demons
  A naga mage (Snake:3)
  A molten gargoyle (Elf:1)
  A spectral swamp worm (Tar:7)
  A demonic crawler (Zig:15)
  A tormentor (Zig:23)
  A harpy zombie (Hell)
  3 hornets
  A bloated husk (Zig:19)
  A blink frog (Zig:22)
  A large abomination (Abyss:4)
  2 flying skulls (Geh:7)
  2 wraiths
  2 ynoxinuls (Pan)
  A water elemental (Hell)
  A chaos spawn (Zig:8)
  2 golden eyes
  A steam dragon (Lair:6)
  A naga (Snake:2)
  An acid dragon (D:11)
  2 hell hounds
  A black bear (D:11)
  3 small abominations
  A cane toad skeleton (Hell)
  An eye of draining (D:11)
  A wolf (IceCv)
  A centaur (Vaults:2)
  A wight (Geh:7)
  6 electric eels (Depths:5)
  A lava snake (Lair:6)
  A crimson imp (Pan)
  A jelly (D:13)
  An orc wizard (Vaults:1)
  An iron imp (Dis:7)
  A hell rat (Hell)
  2 shadow imps
  An orc (Orc:1)
  A jackal skeleton (D:5)
  An orc skeleton (Geh:6)
  24 ball lightnings
  4 crawling corpses (Zig:24)
  5 demonic plants
  4 fire vortices (Pan)
  16 foxfires
  15 fungi
  4 lurking horrors
  239 plants
  78 starspawn tentacles
  29 tentacles
  A withered plant (D:13)
506 creatures vanquished.

Grand Total: 8037 creatures vanquished

Notes
Turn   | Place    | Note
-------+----------+-------------------------------------------
     0 | D:1      | xelsha the Gnoll Gladiator began the quest for the Orb.
     0 | D:1      | Reached XP level 1. HP: 20/20 MP: 1/1
   167 | D:1      | Reached XP level 2. HP: 9/26 MP: 2/2
   810 | D:1      | Reached XP level 3. HP: 31/31 MP: 3/3
  1380 | D:2      | Reached skill level 1 in Invocations
  1442 | D:2      | Reached skill level 1 in Short Blades
  1442 | D:2      | Reached skill level 1 in Long Blades
  1442 | D:2      | Reached skill level 1 in Axes
  1442 | D:2      | Reached skill level 1 in Maces & Flails
  1442 | D:2      | Reached skill level 1 in Staves
  1442 | D:2      | Reached skill level 1 in Slings
  1442 | D:2      | Reached skill level 1 in Bows
  1442 | D:2      | Reached skill level 1 in Crossbows
  1442 | D:2      | Reached skill level 1 in Armour
  1442 | D:2      | Reached skill level 1 in Stealth
  1442 | D:2      | Reached skill level 1 in Shields
  1442 | D:2      | Reached skill level 1 in Unarmed Combat
  1442 | D:2      | Reached skill level 1 in Spellcasting
  1442 | D:2      | Reached skill level 1 in Evocations
  1625 | D:2      | Reached XP level 4. HP: 38/38 MP: 5/5
  2156 | D:3      | Reached skill level 1 in Conjurations
  2156 | D:3      | Reached skill level 1 in Hexes
  2156 | D:3      | Reached skill level 1 in Summonings
  2156 | D:3      | Reached skill level 1 in Necromancy
  2156 | D:3      | Reached skill level 1 in Translocations
  2156 | D:3      | Reached skill level 1 in Transmutations
  2156 | D:3      | Reached skill level 1 in Fire Magic
  2156 | D:3      | Reached skill level 1 in Ice Magic
  2156 | D:3      | Reached skill level 1 in Air Magic
  2156 | D:3      | Reached skill level 1 in Earth Magic
  2156 | D:3      | Reached skill level 1 in Poison Magic
  2675 | D:3      | Reached XP level 5. HP: 43/43 MP: 5/7
  2701 | D:3      | Found a snail-covered altar of Cheibriados.
  2714 | D:3      | Found a shimmering blue altar of Sif Muna.
  2731 | D:3      | Became a worshipper of Cheibriados the Contemplative
  2982 | D:3      | Found a runed translucent door.
  2982 | D:3      | Noticed Darold's ghost (amateur HOMo)
  3530 | D:4      | Found Usegel's Book Emporium.
  3614 | D:4      | Reached XP level 6. HP: 33/50 MP: 8/8
  3620 | D:4      | Reached * piety under Cheibriados
  3758 | D:4      | Found Wavall's Distillery.
  3781 | D:4      | Found Dedoato's Book Emporium.
  3783 | D:4      | Bought a potion of heal wounds for 50 gold pieces
  3783 | D:4      | Bought a potion of curing for 30 gold pieces
  3881 | D:4      | Found Tyapt's Armour Boutique.
  3983 | D:4      | Reached skill level 5 in Fighting
  3983 | D:4      | Reached skill level 5 in Throwing
  4216 | D:4      | Found Waf Uggy's Armour Boutique.
  4224 | D:4      | Bought a +0 cloak of poison resistance for 102 gold pieces
  4566 | D:4      | Found a staircase to the Ecumenical Temple.
  4674 | D:5      | Entered Level 5 of the Dungeon
  4691 | D:5      | Got a scorched kite shield
  4698 | D:5      | Identified the +3 kite shield of Tuxtorig {rC+ Regen+ SInv}
                  | (You found it on level 5 of the Dungeon)
  4763 | D:5      | Found a stormy altar of Qazlal.
  4774 | D:5      | Reached XP level 7. HP: 49/56 MP: 10/10
  4894 | D:5      | Noticed Menkaure
  4898 | D:5      | Noticed Duvessa
  4900 | D:5      | Noticed Dowan
  4902 | D:5      | HP: 2/56 [centaur/arrow (8)]
  5104 | D:4      | Killed Menkaure
  5258 | D:4      | Killed Duvessa
  5263 | D:4      | Killed Dowan
  5264 | D:4      | Reached XP level 8. HP: 61/63 MP: 12/12
  5499 | D:5      | Reached ** piety under Cheibriados
  6169 | D:6      | Reached XP level 9. HP: 16/69 MP: 14/14
  6617 | D:6      | Reached *** piety under Cheibriados
  6787 | D:6      | Noticed Sigmund
  7092 | D:6      | Killed Sigmund
  7565 | D:7      | Noticed Harold
  7589 | D:7      | Killed Harold
  7590 | D:7      | Reached skill level 5 in Invocations
  7955 | D:7      | Found a runed translucent door.
  7956 | D:7      | Noticed Crazy Yiuf
  7993 | D:7      | Noticed Maggie
  8007 | D:7      | Killed Maggie
  8008 | D:7      | Reached XP level 10. HP: 67/77 MP: 15/17
  8216 | D:7      | Reached skill level 5 in Short Blades
  8216 | D:7      | Reached skill level 5 in Long Blades
  8216 | D:7      | Reached skill level 5 in Axes
  8216 | D:7      | Reached skill level 5 in Maces & Flails
  8216 | D:7      | Reached skill level 5 in Staves
  8216 | D:7      | Reached skill level 5 in Slings
  8216 | D:7      | Reached skill level 5 in Bows
  8216 | D:7      | Reached skill level 5 in Crossbows
  8216 | D:7      | Reached skill level 5 in Armour
  8216 | D:7      | Reached skill level 5 in Stealth
  8216 | D:7      | Reached skill level 5 in Shields
  8216 | D:7      | Reached skill level 5 in Unarmed Combat
  8216 | D:7      | Reached skill level 5 in Spellcasting
  8216 | D:7      | Reached skill level 5 in Evocations
  8659 | D:7      | Killed Crazy Yiuf
  9028 | D:8      | Reached **** piety under Cheibriados
  9695 | D:8      | Found an opulent altar of Gozag.
  9918 | D:8      | Found a hide-covered altar of Uskayaw.
 10371 | D:9      | Noticed a two-headed ogre
 10379 | D:9      | Killed a two-headed ogre
 10497 | D:9      | Reached XP level 11. HP: 83/84 MP: 19/19
 10572 | D:9      | Noticed Joseph
 10581 | D:9      | Killed Joseph
 10715 | D:9      | Reached ***** piety under Cheibriados
 10837 | D:9      | Reached skill level 5 in Conjurations
 10837 | D:9      | Reached skill level 5 in Hexes
 10837 | D:9      | Reached skill level 5 in Summonings
 10837 | D:9      | Reached skill level 5 in Necromancy
 10837 | D:9      | Reached skill level 5 in Translocations
 10837 | D:9      | Reached skill level 5 in Transmutations
 10837 | D:9      | Reached skill level 5 in Fire Magic
 10837 | D:9      | Reached skill level 5 in Ice Magic
 10837 | D:9      | Reached skill level 5 in Air Magic
 10837 | D:9      | Reached skill level 5 in Earth Magic
 10837 | D:9      | Reached skill level 5 in Poison Magic
 11388 | D:9      | Noticed Erica
 11414 | D:9      | Killed Erica
 11651 | D:9      | Found a staircase to the Lair.
 11761 | D:9      | Noticed Erolcha
 11769 | D:9      | Killed Erolcha
 11812 | D:9      | Found a staircase to the Orcish Mines.
 11894 | Lair:1   | Entered Level 1 of the Lair of Beasts
 12077 | Lair:1   | Noticed an eight-headed hydra
 12103 | Lair:1   | Killed a five-headed hydra
 12628 | Lair:1   | Reached XP level 12. HP: 93/93 MP: 22/22
 13310 | D:4      | Bought a Young Poisoner's Handbook for 440 gold pieces
 13314 | D:4      | Learned a level 3 spell: Ignite Poison
 13318 | D:4      | Learned a level 3 spell: Mephitic Cloud
 13323 | D:4      | Learned a level 4 spell: Olgreb's Toxic Radiance
 13328 | D:4      | Learned a level 2 spell: Poisonous Vapours
 13598 | Lair:2   | Found a frozen archway.
 13615 | IceCv    | Entered an ice cave
 14213 | IceCv    | Reached skill level 10 in Polearms
 14213 | IceCv    | Reached skill level 10 in Dodging
 14218 | IceCv    | Reached ****** piety under Cheibriados
 14252 | IceCv    | Noticed a death yak
 14267 | IceCv    | Killed a death yak
 14355 | IceCv    | Noticed a frost giant
 14369 | IceCv    | Reached XP level 13. HP: 91/101 MP: 1/24
 14379 | IceCv    | Killed a frost giant
 14610 | IceCv    | Identified the Almanac of Dark Rituals
 14982 | Lair:2   | Found a staircase to the Snake Pit.
 15327 | Lair:2   | Found a staircase to the Shoals.
 16168 | Lair:3   | Learned a level 5 spell: Borgnjor's Vile Clutch
 16174 | Lair:3   | Learned a level 5 spell: Irradiate
 16175 | Lair:3   | Identified a scroll of acquirement
 16175 | Lair:3   | Acquired the ring "Cejinkia" {rF+ rC+ Will+ Str+4}
 17420 | Lair:5   | Noticed Urug
 17434 | Lair:5   | Killed Urug
 17730 | Lair:5   | Learned a level 4 spell: Animate Dead
 17763 | Lair:6   | Entered Level 6 of the Lair of Beasts
 17798 | Lair:6   | Found a dark tunnel.
 17874 | Volcano  | Entered a volcano
 18136 | Volcano  | Found a radiant altar of Vehumet.
 18152 | Volcano  | Reached XP level 14. HP: 90/109 MP: 26/26
 18262 | Volcano  | Reached skill level 10 in Fighting
 18262 | Volcano  | Reached skill level 10 in Throwing
 18736 | Lair:6   | Found a staircase to the Slime Pits.
 19255 | Lair:6   | Found a large runed translucent door.
 19255 | Lair:6   | Found a large runed translucent door.
 19269 | Lair:6   | Reached skill level 10 in Invocations
 19956 | Lair:6   | Identified Sif Muna's Volume of Heat and Stolen Souls
 20129 | D:10     | Entered Level 10 of the Dungeon
 20405 | D:10     | Found Maokh's Antique Armour Shop.
 20412 | D:10     | Bought a pair of runed gloves for 157 gold pieces
 21915 | D:12     | Found a flagged portal.
 21931 | Bailey   | Entered a bailey
 22068 | Bailey   | Reached XP level 15. HP: 68/117 MP: 11/28
 23121 | Orc:1    | Entered Level 1 of the Orcish Mines
 23484 | Orc:1    | Reached skill level 10 in Short Blades
 23484 | Orc:1    | Reached skill level 10 in Long Blades
 23484 | Orc:1    | Reached skill level 10 in Axes
 23484 | Orc:1    | Reached skill level 10 in Maces & Flails
 23484 | Orc:1    | Reached skill level 10 in Staves
 23484 | Orc:1    | Reached skill level 10 in Slings
 23484 | Orc:1    | Reached skill level 10 in Bows
 23484 | Orc:1    | Reached skill level 10 in Crossbows
 23484 | Orc:1    | Reached skill level 10 in Armour
 23484 | Orc:1    | Reached skill level 10 in Stealth
 23484 | Orc:1    | Reached skill level 10 in Shields
 23484 | Orc:1    | Reached skill level 10 in Unarmed Combat
 23484 | Orc:1    | Reached skill level 10 in Spellcasting
 23484 | Orc:1    | Reached skill level 10 in Evocations
 23490 | Orc:1    | Noticed Maurice
 23503 | Orc:1    | Killed Maurice
 23757 | Orc:1    | Found Igaat's General Store.
 23760 | Orc:1    | Bought a scroll of blinking for 90 gold pieces
 24374 | D:13     | Got a twisted scale mail
 24385 | D:13     | Identified the +3 scale mail of Zawn {rElec Str+3} (You
                  | found it on level 13 of the Dungeon)
 24421 | D:13     | Found a transporter.
 24446 | D:13     | Found a transporter.
 24448 | D:13     | Noticed Gonodgh's ghost (journeyman MiFi)
 24500 | D:13     | Noticed a ghoul
 24518 | D:13     | Killed a ghoul
 24683 | D:13     | Found a gate to the Vaults.
 25239 | D:14     | Found Xestrib's Gadget Emporium.
 25317 | D:14     | Found Nifucseh's Weapon Shop.
 25334 | D:14     | Found Jituyt's Weapon Emporium.
 25407 | D:14     | Found a runed translucent door.
 25681 | D:14     | Noticed Soupharph's ghost (adept GrEE)
 25708 | D:15     | Entered Level 15 of the Dungeon
 25778 | D:15     | Found a sacrificial altar of Ru.
 26001 | D:15     | Reached XP level 16. HP: 117/125 MP: 30/30
 26053 | D:15     | Found a staircase to the Depths.
 26599 | D:15     | Found a runed translucent door.
 26599 | D:15     | Noticed Cleetus's ghost (novice FoFi)
 27081 | Shoals:1 | Entered Level 1 of the Shoals
 27280 | D:14     | Bought the +7 dagger of the Unkillable {vorpal, rPois Will+
                  | Str+3} for 611 gold pieces
 27719 | Shoals:1 | Noticed a kraken
 27727 | Shoals:1 | Killed a kraken
 28408 | D:4      | Bought a book of Power for 495 gold pieces
 28415 | D:4      | Learned a level 6 spell: Iron Shot
 30471 | Shoals:2 | You fall into a shaft and drop 1 floor!
 30472 | Shoals:3 | Found Arrusaluva's Island Escapes.
 30546 | Shoals:2 | Found Pyatin's Weapon Boutique.
 31957 | Shoals:2 | Reached XP level 17. HP: 41/133 MP: 14/32
 32763 | Lair:2   | Got an encrusted flail
 32764 | Lair:2   | Identified the +4 flail of Propriety {drain, rElec rN++
                  | Int-2} (You found it on level 2 of the Lair of Beasts)
 32769 | Lair:2   | Reached XP level 18. HP: 140/140 MP: 33/33
 32778 | Lair:2   | Learned a level 7 spell: Spellforged Servitor
 34429 | Shoals:3 | Found Huonn's Assorted Antiques.
 34688 | Shoals:4 | Entered Level 4 of the Shoals
 34735 | Shoals:4 | Reached skill level 10 in Conjurations
 34735 | Shoals:4 | Reached skill level 10 in Hexes
 34735 | Shoals:4 | Reached skill level 10 in Summonings
 34735 | Shoals:4 | Reached skill level 10 in Necromancy
 34735 | Shoals:4 | Reached skill level 10 in Translocations
 34735 | Shoals:4 | Reached skill level 10 in Transmutations
 34735 | Shoals:4 | Reached skill level 10 in Fire Magic
 34735 | Shoals:4 | Reached skill level 10 in Ice Magic
 34735 | Shoals:4 | Reached skill level 10 in Air Magic
 34735 | Shoals:4 | Reached skill level 10 in Earth Magic
 34735 | Shoals:4 | Reached skill level 10 in Poison Magic
 35320 | Shoals:4 | Noticed Bai Suzhen
 35351 | Shoals:4 | Killed Bai Suzhen
 35382 | Shoals:4 | Noticed Polyphemus
 35443 | Shoals:4 | Killed Polyphemus
 36310 | Shoals:4 | Got a barnacled rune of Zot
 36740 | Snake:1  | Entered Level 1 of the Snake Pit
 37053 | Snake:1  | Noticed Sassenached's ghost (adept BaWn)
 37063 | Snake:1  | Found a runed translucent gate.
 37063 | Snake:1  | Found a runed translucent gate.
 37063 | Snake:1  | Found a runed translucent gate.
 37102 | Snake:1  | Reached XP level 19. HP: 148/148 MP: 35/35
 37164 | Snake:1  | Found Eitzantyl's Eclectic Emporium.
 37169 | Snake:1  | Noticed Donald
 37181 | Snake:1  | Killed Donald
 38769 | Snake:2  | Identified Roxanne's Reference Book on Shape Shifting
 38769 | Snake:2  | Noticed Roxanne
 38901 | Snake:2  | Killed Roxanne
 40203 | Snake:4  | Entered Level 4 of the Snake Pit
 40207 | Snake:4  | Got a flickering wooden ring
 40208 | Snake:4  | Identified the ring "Veriecod" {rElec rN+ MP+9 Stlth-} (You
                  | found it on level 4 of the Snake Pit)
 40439 | Snake:4  | Found a runed translucent door.
 40527 | Snake:4  | Noticed Vashnia
 40560 | Snake:4  | Killed Vashnia
 40717 | Snake:4  | Noticed Wekaw's ghost (adept DECj)
 40939 | Shoals:3 | Got a spiked ring mail
 40940 | Shoals:3 | Identified the +1 ring mail of Light {+Blink +Fly rElec}
                  | (You found it on level 3 of the Shoals)
 41342 | Snake:4  | Reached XP level 20. HP: 141/157 MP: 28/36
 41992 | Snake:4  | Got a serpentine rune of Zot
 42518 | Orc:2    | Entered Level 2 of the Orcish Mines
 42518 | Orc:2    | Found a runed translucent door.
 42518 | Orc:2    | Found the +10 tower shield of Ignorance {rN+ Int-4}
 42601 | Orc:2    | Found a runed translucent door.
 42662 | Orc:2    | Found Belue's Jewellery Shop.
 42969 | Orc:2    | Found a staircase to the Elven Halls.
 43096 | Orc:2    | Found Usarch's Antique Weapon Boutique.
 43116 | Orc:2    | Found an ancient bone altar of Kikubaaqudgha.
 43117 | Orc:2    | Noticed Nergalle
 43134 | Orc:2    | Killed Nergalle
 43153 | Orc:2    | Found Wumiosch's Distillery.
 43173 | Orc:2    | Found a roughly hewn altar of Beogh.
 43173 | Orc:2    | Found Duschuuha's Gadget Shop.
 43222 | Orc:2    | Found a radiant altar of Vehumet.
 43245 | Orc:2    | Found Dosasuff's Book Boutique.
 43248 | Orc:2    | Bought a wand of acid (7) for 264 gold pieces
 43287 | Orc:2    | Bought a potion of curing for 54 gold pieces
 43287 | Orc:2    | Bought a potion of curing for 54 gold pieces
 43287 | Orc:2    | Bought 2 potions of heal wounds for 180 gold pieces
 43429 | Orc:2    | Learned a level 2 spell: Blink
 43434 | Orc:2    | Learned a level 4 spell: Summon Lightning Spire
 43437 | Orc:2    | Learned a level 2 spell: Sublimation of Blood
 43585 | Elf:1    | Entered Level 1 of the Elven Halls
 43759 | Elf:1    | Found Peilaq's Distillery.
 44915 | Elf:1    | Identified the Almanac of Confrontation
 45255 | Elf:2    | Acquired 1033 gold pieces
 45683 | Elf:2    | Found a huge runed translucent gate.
 45683 | Elf:2    | Found a huge runed translucent gate.
 45683 | Elf:2    | Found a huge runed translucent gate.
 45683 | Elf:2    | Found a huge runed translucent gate.
 45684 | Elf:2    | Found a huge runed translucent gate.
 45942 | Elf:2    | Reached XP level 21. HP: 88/165 MP: 31/38
 46270 | Elf:3    | Entered Level 3 of the Elven Halls
 46970 | Elf:3    | Identified the +3 plate armour of Eternal Vigilance {Harm
                  | Rampage rC+}
 46978 | Elf:3    | Identified the +7 dagger "Vutytruq" {vorpal, rN+}
 47432 | Elf:3    | Identified the ring "Ofeiff" {*Tele rC+}
 48250 | Vaults:1 | Entered Level 1 of the Vaults
 48337 | Vaults:1 | Reached skill level 15 in Polearms
 48337 | Vaults:1 | Reached skill level 15 in Dodging
 48540 | Vaults:1 | Found a ruined gateway.
 48553 | Desolati | Entered the Desolation of Salt
 48630 | Desolati | Reached skill level 15 in Invocations
 48712 | Desolati | Got a slimy brass ring
 48713 | Desolati | Identified the ring of Vugiukusm {rC+++ rN+ Str-3 Dex-5
                  | Stlth+} (You found it in the Desolation of Salt)
 48716 | Desolati | Identified the Papyrus of Transformation and Conjuration
 48725 | Desolati | Got a wavering marble ring
 48726 | Desolati | Identified the cursed ring "Naduvafy" {rN+ Str-4 Slay+3}
                  | (You found it in the Desolation of Salt)
 48983 | Desolati | Reached XP level 22. HP: 132/173 MP: 40/40
 49116 | Desolati | Found the +7 mace of Variability {chain chaos}
 49269 | Desolati | Got a wavering glass ring
 49271 | Desolati | Identified the cursed ring "Idwa" {*Slow rC- Int-4 Dex+10}
                  | (You found it in the Desolation of Salt)
 49281 | Desolati | Got a jewelled scale mail
 49282 | Desolati | Identified the cursed +1 scale mail "Jumaushy" {Will+
                  | Regen+ rCorr} (You found it in the Desolation of Salt)
 49306 | Desolati | Got a spiked plate armour
 49317 | Desolati | Identified the +2 plate armour of Recklessness {rF++ Dex-3}
                  | (You found it in the Desolation of Salt)
 49861 | Desolati | Identified the Compendium of Bewitching Dark Arts
 50700 | Vaults:1 | Reached skill level 15 in Fighting
 50700 | Vaults:1 | Reached skill level 15 in Throwing
 52038 | Vaults:2 | Identified the +7 morningstar of Saantiti {protect, Int+3}
 52082 | Vaults:2 | Found a runed translucent gate.
 52082 | Vaults:2 | Found a runed translucent gate.
 52082 | Vaults:2 | Found a runed translucent gate.
 52094 | Vaults:2 | Noticed Droegar's ghost (adept MiBe)
 52097 | Vaults:2 | Found an iron altar of Okawaru.
 52140 | Vaults:2 | Reached XP level 23. HP: 180/181 MP: 24/41
 52318 | Vaults:2 | Found a radiant altar of Vehumet.
 53167 | Vaults:3 | Noticed Mara
 53184 | Vaults:3 | Noticed xelsha's illusion
 53201 | Vaults:3 | Killed Mara
 53686 | Vaults:3 | Found a staircase to the Crypt.
 54283 | Vaults:3 | Reached skill level 15 in Short Blades
 54283 | Vaults:3 | Reached skill level 15 in Long Blades
 54283 | Vaults:3 | Reached skill level 15 in Axes
 54283 | Vaults:3 | Reached skill level 15 in Maces & Flails
 54283 | Vaults:3 | Reached skill level 15 in Staves
 54283 | Vaults:3 | Reached skill level 15 in Slings
 54283 | Vaults:3 | Reached skill level 15 in Bows
 54283 | Vaults:3 | Reached skill level 15 in Crossbows
 54283 | Vaults:3 | Reached skill level 15 in Armour
 54283 | Vaults:3 | Reached skill level 15 in Stealth
 54283 | Vaults:3 | Reached skill level 15 in Shields
 54283 | Vaults:3 | Reached skill level 15 in Unarmed Combat
 54283 | Vaults:3 | Reached skill level 15 in Spellcasting
 54283 | Vaults:3 | Reached skill level 15 in Evocations
 55341 | Vaults:4 | Identified the +9 halberd of Hedinnuv {vorpal, rF++ Dex-3}
 55352 | Vaults:4 | Reached XP level 24. HP: 86/190 MP: 32/42
 57024 | Orc:2    | Learned a level 1 spell: Apportation
 58435 | Crypt:1  | Entered Level 1 of the Crypt
 59404 | Crypt:2  | Noticed Xtahua
 59406 | Crypt:2  | Paralysed by Xtahua for 2 turns
 59420 | Crypt:2  | Killed Xtahua
 59448 | Crypt:2  | Paralysed by a vampire knight for 7 turns
 59647 | Crypt:2  | Noticed Jory
 59670 | Crypt:2  | Killed Jory
 59726 | Crypt:2  | Acquired the ring of the Three Quests {rPois rN+ Str+6
                  | Int+4}
 60116 | Crypt:3  | Entered Level 3 of the Crypt
 61103 | Crypt:3  | Found a staircase to the Tomb.
 61593 | Crypt:3  | Got a faintly glowing scimitar
 61594 | Crypt:3  | Identified the +6 scimitar of the Evening {elec, rPois}
                  | (You found it on level 3 of the Crypt)
 61803 | Crypt:3  | Found an ancient bone altar of Kikubaaqudgha.
 61805 | Crypt:3  | Noticed an ancient lich
 61819 | Crypt:3  | Killed an ancient lich
 61874 | Crypt:3  | Reached XP level 25. HP: 198/198 MP: 42/42
 61903 | Crypt:3  | Noticed an ancient lich
 61912 | Crypt:3  | Killed an ancient lich
 62637 | Depths:1 | Entered Level 1 of the Depths
 63291 | Depths:1 | Found a gateway to Hell.
 63361 | Depths:1 | Found a one-way gate leading to the halls of Pandemonium.
 63827 | Depths:1 | Got a smoking helmet
 63828 | Depths:1 | Identified the +1 helmet "Uwkud" {Int+3} (You found it on
                  | level 1 of the Depths)
 63944 | Depths:1 | Got a pair of bloodstained gloves
 63955 | Depths:1 | Identified the +1 pair of gloves of Vehumet's Castigation
                  | {rN+ Int+4 Dex+4 Stlth+} (You found it on level 1 of the
                  | Depths)
 63957 | Depths:1 | Got a pair of faintly glowing boots
 63963 | Depths:1 | Identified the +0 pair of boots of Hegurphot {Harm Will+
                  | Str-3} (You found it on level 1 of the Depths)
 63967 | Depths:1 | Got a masterwork rapier
 63968 | Depths:1 | Identified the +1 rapier "Ehaschuolei" {holy, *Slow rPois
                  | rN+ Int+4} (You found it on level 1 of the Depths)
 64474 | Depths:2 | Noticed a juggernaut
 64475 | Depths:2 | Noticed Aizul
 64487 | Depths:2 | Killed a juggernaut
 64490 | Depths:2 | Noticed a juggernaut
 64506 | Depths:1 | Killed Aizul
 64510 | Depths:1 | Killed a juggernaut
 66340 | Depths:2 | Reached XP level 26. HP: 207/207 MP: 43/43
 66384 | Depths:2 | You fall into a shaft and drop 1 floor!
 66604 | Depths:2 | Identified the ring "Fucodd" {Dex+3 Slay-2 Stlth-}
 68265 | Depths:3 | Learned a level 8 spell: Necromutation
 68274 | Depths:3 | Gained mutation: Scrolls take you a little longer to read.
                  | [mutagenic glow]
 68479 | D:12     | Lost mutation: Scrolls take you a little longer to read.
                  | [potion of mutation]
 68479 | D:12     | Gained mutation: You are frail. (-10% HP) [potion of
                  | mutation]
 68479 | D:12     | Gained mutation: Your mind is acute. (Int +2) [potion of
                  | mutation]
 68480 | D:12     | Lost mutation: Your mind is acute. (Int +2) [potion of
                  | mutation]
 68480 | D:12     | Lost mutation: You are frail. (-10% HP) [potion of
                  | mutation]
 68480 | D:12     | Gained mutation: You have extremely sharp teeth. [potion of
                  | mutation]
 68480 | D:12     | Gained mutation: You have large cloven feet. [potion of
                  | mutation]
 68760 | Depths:4 | Found a gateway to a ziggurat.
 68875 | Depths:4 | Noticed a juggernaut
 69384 | Depths:4 | Found a one-way gate to the infinite horrors of the Abyss.
 70360 | Depths:5 | Entered Level 5 of the Depths
 70367 | Depths:5 | Killed a juggernaut
 70535 | Depths:5 | Reached XP level 27. HP: 212/215 MP: 44/44
 71013 | Depths:5 | Found a gate to the Realm of Zot.
 71313 | Depths:5 | Found a runed translucent door.
 72177 | Vaults:5 | Entered Level 5 of the Vaults
 72571 | Vaults:5 | Reached skill level 15 in Conjurations
 72571 | Vaults:5 | Reached skill level 15 in Hexes
 72571 | Vaults:5 | Reached skill level 15 in Summonings
 72571 | Vaults:5 | Reached skill level 15 in Necromancy
 72571 | Vaults:5 | Reached skill level 15 in Translocations
 72571 | Vaults:5 | Reached skill level 15 in Transmutations
 72571 | Vaults:5 | Reached skill level 15 in Fire Magic
 72571 | Vaults:5 | Reached skill level 15 in Ice Magic
 72571 | Vaults:5 | Reached skill level 15 in Air Magic
 72571 | Vaults:5 | Reached skill level 15 in Earth Magic
 72571 | Vaults:5 | Reached skill level 15 in Poison Magic
 74125 | Vaults:5 | Found Yhococin's Antique Armour Shoppe.
 74729 | Vaults:5 | Found Yrghebb's General Store.
 74743 | Vaults:5 | Found Kiabaup's Weapon Shop.
 75249 | Vaults:5 | Noticed an ancient lich
 75256 | Vaults:5 | Killed an ancient lich
 75413 | Vaults:5 | Got an ichor-stained hand crossbow
 75414 | Vaults:5 | Identified the cursed +3 hand crossbow "Worm" {penet, rC-
                  | Str+10 Int-2 Dex+7} (You found it on level 5 of the Vaults)
 75520 | Vaults:5 | Got a silver rune of Zot
 77032 | D:3      | Killed Darold's ghost
 77402 | D:13     | Killed Gonodgh's ghost
 77635 | D:14     | Killed Soupharph's ghost
 77699 | D:14     | Acquired the +2 helmet of Day {+Blink rPois rCorr Dex-2}
 78161 | D:15     | Killed Cleetus's ghost
 78420 | Snake:1  | Killed Sassenached's ghost
 78590 | Snake:4  | Killed Wekaw's ghost
 80085 | Vaults:2 | Killed Droegar's ghost
 80206 | Vaults:2 | Learned a level 8 spell: Infestation
 80215 | Vaults:2 | Learned a level 8 spell: Summon Horrible Things
 80558 | Zot:1    | Entered Level 1 of the Realm of Zot
 80853 | Zot:1    | Noticed an ancient lich
 81323 | Zot:1    | Killed an ancient lich
 81585 | Zot:1    | Identified the Reference Book on Summoning and the
                  | Mountains
 85405 | Zot:4    | Found Ytwopoor's Changing Room.
 85795 | Zot:5    | Entered Level 5 of the Realm of Zot
 86514 | Zot:5    | Got a brightly glowing bone ring
 86515 | Zot:5    | Identified the ring "Jotaecatt" {Str+6 Dex+7 Slay-6} (You
                  | found it on level 5 of the Realm of Zot)
 86684 | Zot:5    | Noticed an ancient lich
 86690 | Zot:5    | Noticed an ancient lich
 86703 | Zot:5    | Killed an ancient lich
 86706 | Zot:5    | Killed an ancient lich
 86713 | Zot:5    | Noticed an orb of fire
 86722 | Zot:5    | Killed an orb of fire
 87151 | Zot:5    | Noticed an orb of fire
 87174 | Zot:5    | Killed an orb of fire
 87394 | Zot:5    | Noticed an ancient lich
 87409 | Zot:5    | Noticed an ancient lich
 87432 | Zot:5    | Killed an ancient lich
 87788 | Zot:5    | Killed an ancient lich
 88271 | Orc:2    | Bought an uncursed ring of flight for 297 gold pieces
 88275 | Orc:2    | Learned a level 3 spell: Portal Projectile
 88592 | Zig:1    | Entered Level 1 of a ziggurat
 88642 | Zig:2    | Entered Level 2 of a ziggurat
 88681 | Zig:3    | Entered Level 3 of a ziggurat
 88717 | Zig:4    | Entered Level 4 of a ziggurat
 88761 | Zig:4    | Got a sparkling jade ring
 88763 | Zig:4    | Identified the ring of Midnight {AC+4 Int+3 Dex+7} (You
                  | found it on level 4 of a ziggurat)
 88766 | Zig:5    | Entered Level 5 of a ziggurat
 88917 | Zig:5    | Got a smoking golden ring
 88929 | Zig:5    | Identified the ring "Uruadez" {*Slow +Fly rElec Str+2
                  | Dex+3} (You found it on level 5 of a ziggurat)
 88931 | Zig:6    | Entered Level 6 of a ziggurat
 89104 | Zig:7    | Entered Level 7 of a ziggurat
 89207 | Zig:7    | Got a translucent copper ring
 89229 | Zig:7    | Identified the ring of Amoah {rF- Str+3 Dex+6 Slay+3} (You
                  | found it on level 7 of a ziggurat)
 89233 | Zig:8    | Entered Level 8 of a ziggurat
 89343 | Zig:8    | Identified Ivoisch's Compendium of Cold and Toxins
 89350 | Zig:8    | Identified the Grimoire of Necromancy and Cold
 89374 | Zig:9    | Entered Level 9 of a ziggurat
 89631 | Zig:10   | Entered Level 10 of a ziggurat
 89787 | Zig:10   | Identified Sif Muna's Tome of Darkness and Transformation
 89804 | Zig:11   | Entered Level 11 of a ziggurat
 89814 | Zig:11   | Found the ring of the Tortoise {AC+8}
 89814 | Zig:11   | Noticed Liteopeo the pandemonium lord
 89882 | Zig:11   | Killed Liteopeo the pandemonium lord
 89885 | Zig:11   | Found the cursed +13 scythe of Curses {drain, *Curse}
 90162 | Zig:11   | Got a heavily runed helmet
 90173 | Zig:11   | Identified the cursed +0 helmet of Lumunual {rPois rF+
                  | Str-5} (You found it on level 11 of a ziggurat)
 90233 | Zig:12   | Entered Level 12 of a ziggurat
 90409 | Zig:12   | Identified the Papyrus of Attacks
 90411 | Zig:12   | Identified the Disquisition on Glacial Evil Rites
 90430 | Zig:12   | Got a fine trident
 90431 | Zig:12   | Identified the +8 trident "Kaajijif" {vorpal, rF- rN+
                  | Int+4} (You found it on level 12 of a ziggurat)
 90464 | Zig:12   | Got a pair of faintly humming gloves
 90475 | Zig:12   | Identified the cursed +0 pair of gloves of Intercession
                  | {*Drain rF++ rC+ Regen+} (You found it on level 12 of a
                  | ziggurat)
 90496 | Zig:12   | Got a jewelled hand axe
 90497 | Zig:12   | Identified the +2 hand axe "Cigy" {vorpal, rPois} (You
                  | found it on level 12 of a ziggurat)
 90511 | Zig:13   | Entered Level 13 of a ziggurat
 90532 | Zig:13   | Found the cursed necklace of Bloodlust {*Rage +Rage Will++
                  | Int-3 Slay+6 *Curse}
 90713 | Zig:13   | Identified the Handbook of the Snowflakes and Changing
 90724 | Zig:13   | Identified the Catalogue of Supportive Malediction
 90749 | Zig:13   | Got a scorched falchion
 90750 | Zig:13   | Identified the +11 falchion "Niam" {pain, *Rage rPois Will-
                  | SInv} (You found it on level 13 of a ziggurat)
 90756 | Zig:14   | Entered Level 14 of a ziggurat
 90756 | Zig:14   | Noticed an ancient lich
 90767 | Zig:14   | Killed an ancient lich
 90845 | Zig:14   | Noticed an ancient lich
 90872 | Zig:14   | Killed an ancient lich
 91121 | Zig:14   | Identified the Almanac of Quantum Clay
 91138 | Zig:14   | Got a smoking short sword
 91139 | Zig:14   | Identified the +7 short sword of Impatience {freeze, rN+
                  | Dex+4} (You found it on level 14 of a ziggurat)
 91144 | Zig:14   | Got a scorched battleaxe
 91157 | Zig:14   | Got a brightly glowing plate armour
 91158 | Zig:14   | Identified the cursed +0 plate armour of Amorality {rElec
                  | rF+ SInv} (You found it on level 14 of a ziggurat)
 91186 | Zig:15   | Entered Level 15 of a ziggurat
 91366 | Zig:15   | Got a heavily runed silver amulet
 91367 | Zig:15   | Identified the amulet of Cuon {Acrobat rC+ Str+2 Int+3
                  | Dex+3} (You found it on level 15 of a ziggurat)
 91384 | Zig:15   | Got a fine turquoise ring
 91385 | Zig:15   | Identified the cursed ring "Wuamp" {rN+ Str+2 Dex-4} (You
                  | found it on level 15 of a ziggurat)
 91407 | Zig:16   | Entered Level 16 of a ziggurat
 91468 | Zig:16   | Identified the Handbook of the Entourage
 91696 | Zig:16   | Identified the Volume of Confrontation and the Traveller
 91719 | Zig:16   | Got a smoking ivory ring
 91721 | Zig:16   | Identified the ring "Inkang" {rElec rF- rC+ EV+4 Int+3}
                  | (You found it on level 16 of a ziggurat)
 91726 | Zig:16   | Got a crude hand crossbow
 91727 | Zig:16   | Identified the +10 hand crossbow "Hust" {flame, Dex+2} (You
                  | found it on level 16 of a ziggurat)
 91748 | Zig:17   | Entered Level 17 of a ziggurat
 91761 | Zig:17   | Noticed a juggernaut
 91771 | Zig:17   | Noticed a juggernaut
 91778 | Zig:17   | Killed a juggernaut
 91781 | Zig:17   | Killed a juggernaut
 91797 | Zig:17   | Noticed a juggernaut
 91819 | Zig:17   | Killed a juggernaut
 92176 | Zig:18   | Entered Level 18 of a ziggurat
 92210 | Zig:18   | Noticed Foamo the pandemonium lord
 92225 | Zig:18   | Found the +3 robe of Clouds {+Thunder rCloud rElec}
 92234 | Zig:18   | Gained mutation: You have a pair of small horns on your
                  | head. [mutagenic glow]
 92264 | Zig:18   | Killed Foamo the pandemonium lord
 92658 | Zig:18   | Got a brightly glowing iron ring
 92665 | Zig:18   | Identified the Almanac of Dark Snow
 92697 | Zig:18   | Got a faintly glowing hand crossbow
 92698 | Zig:18   | Identified the +9 hand crossbow "Jijyozot" {speed, +Inv
                  | rElec Int+4 Dex-3} (You found it on level 18 of a ziggurat)
 92713 | Zig:18   | Got a bound wooden ring
 92715 | Zig:18   | Identified the ring of Fadih {+Inv Will+} (You found it on
                  | level 18 of a ziggurat)
 92789 | Zig:19   | Entered Level 19 of a ziggurat
 92790 | Zig:19   | Lost mutation: You have large cloven feet. [potion of
                  | mutation]
 92790 | Zig:19   | Lost mutation: You have a pair of small horns on your head.
                  | [potion of mutation]
 92790 | Zig:19   | Lost mutation: You have extremely sharp teeth. [potion of
                  | mutation]
 92790 | Zig:19   | Gained mutation: Armour fits poorly on your strangely
                  | shaped body. [potion of mutation]
 92790 | Zig:19   | Gained mutation: You expend magic power (3 MP) to
                  | strengthen your wands. [potion of mutation]
 92790 | Zig:19   | Gained mutation: You have sharp toenails. [potion of
                  | mutation]
 92790 | Zig:19   | Gained mutation: Your mind is acute. (Int +2) [potion of
                  | mutation]
 92791 | Zig:19   | Lost mutation: You expend magic power (3 MP) to strengthen
                  | your wands. [potion of mutation]
 92791 | Zig:19   | Lost mutation: You have sharp toenails. [potion of
                  | mutation]
 92791 | Zig:19   | Gained mutation: Scrolls take you a little longer to read.
                  | [potion of mutation]
 92791 | Zig:19   | Gained mutation: You expend magic power (3 MP) to
                  | strengthen your wands. [potion of mutation]
 92791 | Zig:19   | Gained mutation: You have a pair of small horns on your
                  | head. [potion of mutation]
 92791 | Zig:19   | Gained mutation: Your skin changes colour to match your
                  | surroundings (Stealth+). [potion of mutation]
 92792 | Zig:19   | Lost mutation: Your mind is acute. (Int +2) [potion of
                  | mutation]
 92792 | Zig:19   | Gained mutation: You have large cloven feet. [potion of
                  | mutation]
 93069 | Zig:19   | Found the amulet of Vitality {Regen+ HP+15}
 93070 | Zig:19   | Found the +3 hat of Pondering {ponderous, Will+ MP+10
                  | Int+5}
 93071 | Zig:19   | Found the +4 Cigotuvi's embrace {rMiasma *Drain rN+}
 93072 | Zig:19   | Found the +9 staff of Wucad Mu {*channel}
 93144 | Zig:19   | Identified the ring of Aheufuve {Dex+8 Stlth-} (You found
                  | it on level 18 of a ziggurat)
 93400 | Zot:4    | Bought a potion of mutation for 192 gold pieces
 93407 | Zot:4    | Lost mutation: You have a pair of small horns on your head.
                  | [potion of mutation]
 93407 | Zot:4    | Lost mutation: You have large cloven feet. [potion of
                  | mutation]
 93407 | Zot:4    | Lost mutation: Scrolls take you a little longer to read.
                  | [potion of mutation]
 93407 | Zot:4    | Gained mutation: Your magical capacity is low. (-10% MP)
                  | [potion of mutation]
 93407 | Zot:4    | Gained mutation: You are covered in fur. (AC +1) [potion of
                  | mutation]
 93735 | D:12     | Lost mutation: Armour fits poorly on your strangely shaped
                  | body. [potion of mutation]
 93735 | D:12     | Lost mutation: You expend magic power (3 MP) to strengthen
                  | your wands. [potion of mutation]
 93735 | D:12     | Gained mutation: You are dopey. (Int -2) [potion of
                  | mutation]
 93735 | D:12     | Gained mutation: Scrolls take you a little longer to read.
                  | [potion of mutation]
 93735 | D:12     | Gained mutation: Your muscles are strong. (Str +2) [potion
                  | of mutation]
 94022 | Vaults:5 | Lost mutation: Your magical capacity is low. (-10% MP)
                  | [potion of mutation]
 94022 | Vaults:5 | Lost mutation: Your muscles are strong. (Str +2) [potion of
                  | mutation]
 94022 | Vaults:5 | Lost mutation: You are dopey. (Int -2) [potion of mutation]
 94022 | Vaults:5 | Lost mutation: Scrolls take you a little longer to read.
                  | [potion of mutation]
 94022 | Vaults:5 | Gained mutation: You are dopey. (Int -2) [potion of
                  | mutation]
 94022 | Vaults:5 | Gained mutation: Your skin blends seamlessly with your
                  | surroundings (Stealth++). [potion of mutation]
 94037 | Vaults:5 | Learned a level 8 spell: Ignition
 94887 | Orc:2    | Bought a potion of heal wounds for 90 gold pieces
 94887 | Orc:2    | Bought a potion of heal wounds for 90 gold pieces
 94887 | Orc:2    | Acquired the +0 pair of boots of Uloveer {rPois rF- Will+
                  | Regen+}
 94900 | Orc:2    | Acquired 786 gold pieces
 94902 | Orc:2    | Acquired the amulet of Xellom {Faith rElec MP+9}
 95267 | Depths:4 | Voluntarily entered the Abyss.
 95381 | Abyss:3  | Found a corrupted altar of Lugonu.
 95467 | Abyss:3  | Found a corrupted altar of Lugonu.
 95611 | Abyss:3  | Found a corrupted altar of Lugonu.
 96388 | Abyss:3  | Paralysed by accursed screaming for 1 turns
 96485 | Abyss:3  | Found a corrupted altar of Lugonu.
 96959 | Abyss:3  | Found a corrupted altar of Lugonu.
 97108 | Abyss:3  | Found a basalt altar of Yredelemnul.
 97296 | Abyss:3  | Paralysed by accursed screaming for 1 turns
 97782 | Abyss:3  | Found a roughly hewn altar of Beogh.
 97943 | Abyss:3  | Found a hazy altar of Hepliaklqana.
 98068 | Abyss:3  | Paralysed by accursed screaming for 1 turns
 98077 | Abyss:3  | Paralysed by accursed screaming for 2 turns
 98094 | Abyss:3  | Paralysed by accursed screaming for 1 turns
 98122 | Abyss:3  | Paralysed by accursed screaming for 1 turns
 99158 | Abyss:3  | Identified the Guide on Ghastly Flight
 99698 | Abyss:4  | Found a glowing golden altar of the Shining One.
 99698 | Abyss:4  | Found an ornate altar of the Wu Jian Council.
 99698 | Abyss:4  | Found a burning altar of Makhleb.
 99698 | Abyss:4  | Found a blossoming altar of Fedhas.
 99698 | Abyss:4  | Found a shadowy altar of Dithmenos.
 99698 | Abyss:4  | Found a shimmering altar of Xom.
 99698 | Abyss:4  | Found a white marble altar of Elyvilon.
 99698 | Abyss:4  | Found a hazy altar of Hepliaklqana.
 99698 | Abyss:4  | Found a snail-covered altar of Cheibriados.
 99698 | Abyss:4  | Found an opulent altar of Gozag.
 99698 | Abyss:4  | Found an ancient bone altar of Kikubaaqudgha.
 99698 | Abyss:4  | Found a broken altar of Ashenzari.
 99698 | Abyss:4  | Found a shimmering blue altar of Sif Muna.
 99698 | Abyss:4  | Found a hide-covered altar of Uskayaw.
 99698 | Abyss:4  | Found a stormy altar of Qazlal.
 99698 | Abyss:4  | Found a glowing silver altar of Zin.
 99698 | Abyss:4  | Found a blossoming altar of Fedhas.
 99698 | Abyss:4  | Found a bloodstained altar of Trog.
 99699 | Abyss:4  | Found a sparkling altar of Nemelex Xobeh.
 99699 | Abyss:4  | Found a basalt altar of Yredelemnul.
 99699 | Abyss:4  | Found an iron altar of Okawaru.
 99893 | Depths:4 | Escaped the Abyss
100035 | Depths:4 | Voluntarily entered the Abyss.
100060 | Abyss:1  | Paralysed by accursed screaming for 1 turns
100102 | Depths:4 | Escaped the Abyss
100255 | Depths:4 | Voluntarily entered the Abyss.
100284 | Abyss:1  | Paralysed by accursed screaming for 1 turns
100857 | Abyss:1  | Found a corrupted altar of Lugonu.
101124 | Abyss:2  | Found a corrupted altar of Lugonu.
101803 | Abyss:2  | Found a corrupted altar of Lugonu.
102170 | Abyss:3  | Noticed an ancient lich
102177 | Abyss:3  | Killed an ancient lich
103734 | Abyss:4  | Paralysed by accursed screaming for 1 turns
103828 | Abyss:4  | Got an abyssal rune of Zot
103965 | Depths:4 | Escaped the Abyss
104085 | Depths:4 | Acquired a book of Annihilations
104097 | Depths:4 | Learned a level 8 spell: Lehudib's Crystal Spear
104563 | Slime:1  | Entered Level 1 of the Pits of Slime
104992 | Slime:5  | Entered Level 5 of the Pits of Slime
105003 | Slime:5  | Paralysed by a floating eye for 3 turns
105088 | Slime:5  | Paralysed by a floating eye for 2 turns
105096 | Slime:5  | Paralysed by a floating eye for 2 turns
105423 | Slime:5  | Found a viscous altar of Jiyva.
105471 | Slime:5  | Noticed the Royal Jelly
105503 | Slime:5  | Killed the Royal Jelly
105728 | Slime:5  | Got a glittering platinum amulet
105739 | Slime:5  | Identified the amulet "Ymeppewu" {Reflect Will- Str+2 Dex+3
                  | SH+5} (You found it on level 5 of the Pits of Slime)
105751 | Slime:5  | Got a slimy rune of Zot
105834 | Slime:5  | Got a shimmering kite shield
105845 | Slime:5  | Identified the +0 kite shield of Curiosity {rC- rN++ Int+3}
                  | (You found it on level 5 of the Pits of Slime)
105901 | Slime:5  | Got an iridescent scimitar
105902 | Slime:5  | Identified the cursed +2 scimitar "Anidacw" {holy, rC+}
                  | (You found it on level 5 of the Pits of Slime)
108726 | Pan      | Entered Pandemonium
108726 | Pan      | Found an exit through the horrors of the Abyss.
108962 | Pan      | Noticed Qusazon the pandemonium lord
108999 | Pan      | Killed Qusazon the pandemonium lord
109574 | Pan      | Noticed Peusuar the pandemonium lord
109586 | Pan      | Killed Peusuar the pandemonium lord
109647 | Pan      | Got a demonic rune of Zot
110903 | Pan      | Noticed Katuh the pandemonium lord
110917 | Pan      | Killed Katuh the pandemonium lord
111275 | Pan      | Noticed Jogasoev the pandemonium lord
111312 | Pan      | Killed Jogasoev the pandemonium lord
112262 | Pan      | Got a shimmering bronze amulet
112263 | Pan      | Identified the amulet of the Heron {RegenMP Dex+3} (You
                  | found it in Pandemonium)
112395 | Pan      | Noticed Wohamaat the pandemonium lord
112410 | Pan      | Killed Wohamaat the pandemonium lord
112598 | Pan      | Entered the realm of Gloorx Vloq.
113018 | Pan      | Noticed Gloorx Vloq
113037 | Pan      | Killed Gloorx Vloq
113074 | Pan      | Got a dark rune of Zot
113170 | Pan      | Found an exit through the horrors of the Abyss.
113387 | Pan      | Noticed Lihab the pandemonium lord
113435 | Pan      | Killed Lihab the pandemonium lord
114343 | Pan      | Noticed Yrig the pandemonium lord
114363 | Pan      | Killed Yrig the pandemonium lord
114482 | Pan      | Entered the realm of Lom Lobon.
114886 | Pan      | Noticed Lom Lobon
114906 | Pan      | Killed Lom Lobon
114918 | Pan      | Got a magical rune of Zot
115193 | Pan      | Entered the realm of Mnoleg.
115263 | Pan      | Paralysed by a floating eye for 2 turns
115277 | Pan      | Noticed Mnoleg
115281 | Pan      | Paralysed by a floating eye for 4 turns
115305 | Pan      | Killed Mnoleg
115525 | Pan      | Got a glowing rune of Zot
115572 | Pan      | Found an exit through the horrors of the Abyss.
115663 | Pan      | Entered the realm of Cerebov.
115717 | Pan      | Found an exit through the horrors of the Abyss.
115723 | Pan      | Noticed Mennas
115740 | Pan      | Killed Mennas
115877 | Pan      | Identified the +5 bardiche of Instant Death {freeze, Will-
                  | Str+4 Dex+2}
115933 | Pan      | Found the +6 sword of Cerebov {flame}
115933 | Pan      | Noticed Cerebov
115936 | Pan      | Identified the +5 lajatang of Dried Tears {elec, rElec rN+}
116251 | Pan      | Identified the +9 rapier of Wrongful Imprisonment {vorpal,
                  | rF++}
117290 | Pan      | Killed Cerebov
117790 | Pan      | Identified the Tome of the Feathery Volcanoes
117796 | Pan      | Identified the Papyrus of Displaced Evil Rites
117957 | Pan      | Got a fiery rune of Zot
118074 | Pan      | Took an exit into the Abyss.
118074 | Abyss:1  | Escaped into the Abyss
118074 | Abyss:1  | Found a corrupted altar of Lugonu.
118078 | Depths:1 | Escaped the Abyss
118152 | Hell     | Entered the Vestibule of Hell
118152 | Hell     | Noticed Geryon
118378 | Hell     | Killed Geryon
118428 | Hell     | Found a gateway to the freezing wastes of Cocytus.
118741 | Hell     | Found a gateway to the decaying netherworld of Tartarus.
118828 | Hell     | Found a gateway to the ashen valley of Gehenna.
118990 | Hell     | Found a gateway to the Iron City of Dis.
119080 | Hell     | Learned a level 9 spell: Dragon's Call
119144 | Geh:1    | Entered Level 1 of Gehenna
120205 | Geh:7    | Entered Level 7 of Gehenna
120910 | Geh:7    | Identified the Catalogue of Envenoming
121003 | Geh:7    | Found the +7 sceptre of Asmodeus
121003 | Geh:7    | Noticed Asmodeus
121019 | Geh:7    | Killed Asmodeus
121040 | Geh:7    | Found the +18 shield of the Gong {rElec rN+ Will+ EV-5}
121068 | Geh:7    | Identified The Arcane Secrets of Thaumaturgy
121085 | Geh:7    | Identified Sif Muna's Catalogue of Clay
121138 | Geh:7    | Got an obsidian rune of Zot
121350 | Geh:7    | Reached skill level 27 in Fighting
121701 | Tar:1    | Entered Level 1 of Tartarus
124663 | Tar:5    | You fall into a shaft and drop 1 floor!
124980 | Tar:7    | Entered Level 7 of Tartarus
125147 | Tar:7    | Learned a level 9 spell: Shatter
125654 | Tar:7    | Noticed Ereshkigal
125677 | Tar:7    | Killed Ereshkigal
125897 | Tar:7    | Identified Wuxt's Incunabulum of Moulding
125906 | Tar:7    | Got a bone rune of Zot
126275 | Coc:1    | Entered Level 1 of Cocytus
127247 | Coc:4    | Reached skill level 27 in Invocations
127924 | Coc:7    | Entered Level 7 of Cocytus
128071 | Coc:7    | Noticed Antaeus
128105 | Coc:7    | Killed Antaeus
128135 | Coc:7    | Got an icy rune of Zot
128406 | Dis:1    | Entered Level 1 of the Iron City of Dis
129430 | Dis:7    | Entered Level 7 of the Iron City of Dis
130206 | Dis:7    | Found the +4 staff of Dispater
130206 | Dis:7    | Noticed Dispater
130246 | Dis:7    | Killed Dispater
130273 | Dis:7    | Got an iron rune of Zot
131127 | Tomb:1   | Entered Level 1 of the Tomb of the Ancients
131718 | Tomb:1   | Identified the ring "Ufiucaed" {rPois rC- Int+2 Dex+4 SInv}
132051 | Tomb:1   | Noticed a royal mummy
132052 | Tomb:1   | Noticed a royal mummy
132052 | Tomb:1   | Noticed a royal mummy
132064 | Tomb:1   | Noticed a royal mummy
132065 | Tomb:1   | Killed a royal mummy
132065 | Tomb:1   | Killed a royal mummy
132065 | Tomb:1   | Killed a royal mummy
132067 | Tomb:1   | Noticed a royal mummy
132067 | Tomb:1   | Noticed a royal mummy
132070 | Tomb:1   | Killed a royal mummy
132083 | Tomb:1   | Killed a royal mummy
132087 | Tomb:1   | Killed a royal mummy
132228 | Tomb:1   | Noticed a royal mummy
132243 | Tomb:1   | Killed a royal mummy
132277 | Tomb:1   | Noticed a royal mummy
132296 | Tomb:1   | Killed a royal mummy
132326 | Tomb:1   | Noticed a royal mummy
132334 | Tomb:1   | Killed a royal mummy
132344 | Tomb:1   | Noticed a royal mummy
132366 | Tomb:1   | Killed a royal mummy
132378 | Tomb:1   | Noticed a royal mummy
132390 | Tomb:1   | Noticed a royal mummy
132396 | Tomb:1   | Killed a royal mummy
132407 | Tomb:1   | Noticed a royal mummy
132409 | Tomb:1   | Noticed a royal mummy
132414 | Tomb:1   | Killed a royal mummy
132424 | Tomb:1   | Killed a royal mummy
132424 | Tomb:1   | Noticed a royal mummy
132425 | Tomb:1   | Killed a royal mummy
132425 | Tomb:1   | Noticed a royal mummy
132429 | Tomb:1   | Killed a royal mummy
132437 | Tomb:1   | Killed a royal mummy
132442 | Tomb:1   | Noticed a royal mummy
132450 | Tomb:1   | Killed a royal mummy
132718 | Tomb:2   | Noticed a royal mummy
132722 | Tomb:2   | Noticed a royal mummy
132725 | Tomb:2   | Noticed a royal mummy
132728 | Tomb:2   | Noticed a royal mummy
132728 | Tomb:2   | Killed a royal mummy
132729 | Tomb:2   | Noticed a royal mummy
132733 | Tomb:2   | Killed a royal mummy
132734 | Tomb:2   | Killed a royal mummy
132736 | Tomb:2   | Killed a royal mummy
132740 | Tomb:2   | Killed a royal mummy
133326 | Tomb:3   | Entered Level 3 of the Tomb of the Ancients
133327 | Tomb:3   | Noticed Khufu
133327 | Tomb:3   | Noticed a royal mummy
133330 | Tomb:3   | Noticed a royal mummy
133333 | Tomb:3   | Noticed a royal mummy
133336 | Tomb:3   | Killed Khufu
133337 | Tomb:3   | Noticed a royal mummy
133337 | Tomb:3   | Noticed a royal mummy
133350 | Tomb:3   | Noticed a royal mummy
133351 | Tomb:3   | Killed a royal mummy
133357 | Tomb:3   | Killed a royal mummy
133378 | Tomb:3   | Killed a royal mummy
133378 | Tomb:3   | Killed a royal mummy
133378 | Tomb:3   | Killed a royal mummy
133378 | Tomb:3   | Killed a royal mummy
133379 | Tomb:3   | Reached skill level 27 in Polearms
133379 | Tomb:3   | Reached skill level 27 in Dodging
133951 | Tomb:3   | Got a twitching wooden ring
133952 | Tomb:3   | Identified the ring of the Saving Philosopher {rPois Dex+2}
                  | (You found it on level 3 of the Tomb of the Ancients)
133963 | Tomb:3   | Got a sparkling ivory amulet
133964 | Tomb:3   | Identified the amulet of the Scarab {RegenMP *Corrode
                  | Str+6} (You found it on level 3 of the Tomb of the
                  | Ancients)
134001 | Tomb:3   | Noticed a royal mummy
134033 | Tomb:3   | Killed a royal mummy
134045 | Tomb:3   | Noticed a royal mummy
134057 | Tomb:3   | Killed a royal mummy
134324 | Tomb:3   | Noticed a royal mummy
134341 | Tomb:3   | Killed a royal mummy
134436 | Tomb:3   | Noticed a royal mummy
134445 | Tomb:3   | Noticed a royal mummy
134447 | Tomb:3   | Killed a royal mummy
134457 | Tomb:3   | Killed a royal mummy
134492 | Tomb:3   | Got a golden rune of Zot
134572 | Tomb:3   | Got a distressingly furry cloak
134573 | Tomb:3   | Identified the cursed +0 cloak of Chill Winds {-Cast Regen+
                  | rCorr} (You found it on level 3 of the Tomb of the
                  | Ancients)
134596 | Tomb:3   | Got a smoking helmet
134597 | Tomb:3   | Identified the +3 helmet "Tettyd" {rCorr} (You found it on
                  | level 3 of the Tomb of the Ancients)
134603 | Tomb:3   | Got a scorched scimitar
134604 | Tomb:3   | Identified the +4 scimitar of Superiority {vorpal, *Contam
                  | rC++ Str+9} (You found it on level 3 of the Tomb of the
                  | Ancients)
134637 | Tomb:3   | Got an ebony triple sword
134638 | Tomb:3   | Identified the +4 triple sword of Supply {venom, *Drain
                  | Str+2 Stlth+} (You found it on level 3 of the Tomb of the
                  | Ancients)
134715 | Zig:1    | Entered Level 1 of a ziggurat
134731 | Zig:2    | Entered Level 2 of a ziggurat
134755 | Zig:3    | Entered Level 3 of a ziggurat
134864 | Zig:4    | Entered Level 4 of a ziggurat
134911 | Zig:5    | Entered Level 5 of a ziggurat
134912 | Zig:5    | Noticed Ynuyzu the pandemonium lord
134925 | Zig:5    | Killed Ynuyzu the pandemonium lord
135020 | Zig:6    | Entered Level 6 of a ziggurat
135075 | Zig:7    | Entered Level 7 of a ziggurat
135113 | Zig:7    | Found the +7 great mace "Firestarter" {inner flame, rF++}
135157 | Zig:8    | Entered Level 8 of a ziggurat
135179 | Zig:8    | Reached skill level 27 in Throwing
135294 | Zig:9    | Entered Level 9 of a ziggurat
135305 | Zig:9    | Noticed Tempus's ghost (legendary BaFE)
135328 | Zig:9    | Killed Tempus's ghost
135376 | Zig:10   | Entered Level 10 of a ziggurat
135423 | Zig:11   | Entered Level 11 of a ziggurat
135577 | Zig:12   | Entered Level 12 of a ziggurat
135591 | Zig:12   | Noticed Hupis the pandemonium lord
135597 | Zig:12   | Reached skill level 27 in Short Blades
135597 | Zig:12   | Reached skill level 27 in Long Blades
135597 | Zig:12   | Reached skill level 27 in Axes
135597 | Zig:12   | Reached skill level 27 in Maces & Flails
135597 | Zig:12   | Reached skill level 27 in Staves
135597 | Zig:12   | Reached skill level 27 in Slings
135597 | Zig:12   | Reached skill level 27 in Bows
135597 | Zig:12   | Reached skill level 27 in Crossbows
135597 | Zig:12   | Reached skill level 27 in Armour
135597 | Zig:12   | Reached skill level 27 in Stealth
135597 | Zig:12   | Reached skill level 27 in Shields
135597 | Zig:12   | Reached skill level 27 in Unarmed Combat
135597 | Zig:12   | Reached skill level 27 in Spellcasting
135597 | Zig:12   | Reached skill level 27 in Evocations
135600 | Zig:12   | Killed Hupis the pandemonium lord
135602 | Zig:12   | Found the +8 mithril axe "Arga" {speed, Will+}
135691 | Zig:12   | Got a pitted bone amulet
135745 | Zig:13   | Entered Level 13 of a ziggurat
135756 | Zig:13   | Noticed a juggernaut
135769 | Zig:13   | Killed a juggernaut
135794 | Zig:13   | Identified the Incunabulum of the Fiery Frostbite
135804 | Zig:13   | Identified the amulet of Dintem {Faith Dex+5} (You found it
                  | on level 12 of a ziggurat)
135811 | Zig:14   | Entered Level 14 of a ziggurat
135867 | Zig:14   | Got a sparkling turquoise ring
135868 | Zig:14   | Identified the ring "Geir Loe" {Fire rElec rPois Dex+4}
                  | (You found it on level 14 of a ziggurat)
135886 | Zig:15   | Entered Level 15 of a ziggurat
136436 | Zig:16   | Entered Level 16 of a ziggurat
136647 | Zig:16   | Found the +2 Maxwell's thermic engine {flame, freeze}
136721 | Zig:17   | Entered Level 17 of a ziggurat
136911 | Zig:17   | Found the +2 hat of the Bear Spirit {Spirit, +Rage rN+
                  | Will++}
136914 | Zig:17   | Found the +4 robe of Augmentation {Str+4 Int+4 Dex+4}
136917 | Zig:17   | Identified the Incunabulum of Dislocated Attacks
137018 | Zig:17   | Got a warped broad axe
137019 | Zig:17   | Identified the +6 broad axe "Gnoll's Foe" {pain, rPois rF+
                  | Int+7 Dex-2} (You found it on level 17 of a ziggurat)
137029 | Zig:18   | Entered Level 18 of a ziggurat
137035 | Zig:18   | Noticed a juggernaut
137038 | Zig:18   | Noticed a juggernaut
137041 | Zig:18   | Noticed a juggernaut
137046 | Zig:18   | Killed a juggernaut
137047 | Zig:18   | Noticed a juggernaut
137054 | Zig:18   | Killed a juggernaut
137060 | Zig:18   | Killed a juggernaut
137061 | Zig:18   | Killed a juggernaut
137062 | Zig:18   | Noticed a juggernaut
137075 | Zig:18   | Killed a juggernaut
137353 | Zig:18   | Found the +9 sword of Zonguldrok {reap}
137359 | Zig:18   | Got a shimmering pewter amulet
137364 | Zig:18   | Identified Sif Muna's Volume of Changing and the Entourage
137366 | Zig:18   | Identified the Almanac of Supportive Toxins
137372 | Zig:18   | Identified Lisubych's Disquisition on Dislocation
137382 | Zig:18   | Identified the amulet of Stoicism {Acrobat rN+ MP+9 Slay+5}
                  | (You found it on level 18 of a ziggurat)
137419 | Zig:19   | Entered Level 19 of a ziggurat
137540 | Zig:19   | Got a warped ivory ring
137541 | Zig:19   | Identified the Papyrus of Mutagenic Earth
137546 | Zig:19   | Identified Avank's Tome of the Frigorific Volcanoes
137581 | Zig:19   | Identified the ring "Pomokh" {*Tele +Blink} (You found it
                  | on level 19 of a ziggurat)
137610 | Zig:19   | Got a shimmering hand crossbow
137611 | Zig:19   | Identified the +4 hand crossbow "Keggyx Sazu" {vorpal, rF++
                  | rN+ Str+3 SInv} (You found it on level 19 of a ziggurat)
137614 | Zig:19   | Got an aquamarine-encrusted plate armour
137615 | Zig:19   | Identified the +1 plate armour "Minuph" {rC+ Regen+ MP+9
                  | Stlth+} (You found it on level 19 of a ziggurat)
137619 | Zig:19   | Got a faintly glowing chain mail
137620 | Zig:19   | Identified the cursed +1 chain mail of Bedevilment {rPois}
                  | (You found it on level 19 of a ziggurat)
137639 | Zig:20   | Entered Level 20 of a ziggurat
137820 | Zig:20   | Got a clouded steel ring
137821 | Zig:20   | Identified the Reference Book on Transformation and Battle
                  | Magic
137918 | Zig:20   | Identified the ring "Xiqiof" {*Slow +Blink MP+9 Int+6
                  | Stlth-} (You found it on level 20 of a ziggurat)
137947 | Zig:21   | Entered Level 21 of a ziggurat
138316 | Zig:21   | Identified First Steps in Wizardry
138385 | Zig:22   | Entered Level 22 of a ziggurat
138423 | Zig:22   | Noticed an ancient lich
138432 | Zig:22   | Killed an ancient lich
138689 | Zig:22   | Found the macabre finger necklace {rN+}
138800 | Zig:23   | Entered Level 23 of a ziggurat
138829 | Zig:23   | Noticed Jadimokhlo the pandemonium lord
138862 | Zig:23   | Killed Jadimokhlo the pandemonium lord
138906 | Zig:23   | Found the +8 demon trident "Rift" {distort, reach+}
139355 | Zig:23   | Got a sparkling pewter ring
139356 | Zig:23   | Identified the ring "Mutuat Hiosk" {Fire +Blink rPois
                  | Dex+5} (You found it on level 23 of a ziggurat)
139412 | Zig:24   | Entered Level 24 of a ziggurat
139473 | Zig:24   | Paralysed by a floating eye for 4 turns
139671 | Zig:24   | Found the +10 dark maul {vorpal}
139680 | Zig:24   | Identified Sif Muna's Handbook of the Birds and Poison
139703 | Zig:24   | Got a slimy ivory ring
139704 | Zig:24   | Identified the ring of Ducsaqiwk {rPois rN+ Str-2 Dex+6}
                  | (You found it on level 24 of a ziggurat)
139710 | Zig:24   | Got a warped pewter ring
139711 | Zig:24   | Identified the ring of Equilibrium {+Blink rPois rN+++
                  | Int-3} (You found it on level 24 of a ziggurat)
139718 | Zig:24   | Got a crude plate armour
139719 | Zig:24   | Identified the cursed +1 plate armour of Kindness {rN+
                  | Dex+2 Slay+2} (You found it on level 24 of a ziggurat)
139724 | Zig:24   | Got an iridescent trident
139725 | Zig:24   | Identified the cursed +1 trident of the Nexus {antimagic,
                  | Stlth+} (You found it on level 24 of a ziggurat)
139734 | Zig:25   | Entered Level 25 of a ziggurat
140026 | Zig:25   | Found the +8 whip "Snakebite" {curare, rPois}
140032 | Zig:25   | Identified the Volume of Captivating Creation
140045 | Zig:25   | Identified the Almanac of Enthralling Poisoning
140074 | Zig:25   | Got a bloodstained tower shield
140075 | Zig:25   | Identified the +5 tower shield of Veuc {rPois rF+ Int+8
                  | Dex-2} (You found it on level 25 of a ziggurat)
140087 | Zig:26   | Entered Level 26 of a ziggurat
140568 | Zig:26   | Found the +3 sling "Punk" {acid, rCorr}
140591 | Zig:26   | Got a scorched wooden ring
140592 | Zig:26   | Identified the ring of Qal Xauk {rN+ Int+2 Slay+4} (You
                  | found it on level 26 of a ziggurat)
140594 | Zig:26   | Identified the Catalogue of Fire and Unholy Rites
140643 | Zig:26   | Got a pair of pitted gloves
140644 | Zig:26   | Identified the +1 pair of gloves "Taobion" {Harm +Fly
                  | Regen+} (You found it on level 26 of a ziggurat)
140680 | Zig:27   | Entered Level 27 of a ziggurat
140808 | Zig:27   | Gained mutation: You are weak. (Str -2) [a shining eye]
140867 | Zig:27   | Paralysed by a floating eye for 3 turns
140984 | Zig:27   | Paralysed by a floating eye for 2 turns
141116 | Zig:27   | Found the +9 staff of Olgreb {rPois∞}
141193 | Zig:27   | Got a bloodstained plate armour
141194 | Zig:27   | Identified the +9 plate armour of Yredelemnul's Outrage
                  | {Str-3 Int+2 Stlth+} (You found it on level 27 of a
                  | ziggurat)
141200 | Zig:27   | Got a masterwork helmet
141201 | Zig:27   | Identified the cursed +0 helmet of Polish {MP+9} (You found
                  | it on level 27 of a ziggurat)
141366 | Tomb:3   | Lost mutation: You are covered in fur. (AC +1) [potion of
                  | mutation]
141366 | Tomb:3   | Lost mutation: You are dopey. (Int -2) [potion of mutation]
141366 | Tomb:3   | Lost mutation: Your skin blends seamlessly with your
                  | surroundings (Stealth++). [potion of mutation]
141366 | Tomb:3   | Gained mutation: You are dopey. (Int -2) [potion of
                  | mutation]
141366 | Tomb:3   | Gained mutation: Armour fits poorly on your strangely
                  | shaped body. [potion of mutation]
141366 | Tomb:3   | Gained mutation: You have a pair of small horns on your
                  | head. [potion of mutation]
141367 | Tomb:3   | Lost mutation: You are weak. (Str -2) [potion of mutation]
141367 | Tomb:3   | Lost mutation: You are dopey. (Int -2) [potion of mutation]
141367 | Tomb:3   | Gained mutation: You evolve. [potion of mutation]
141367 | Tomb:3   | Gained mutation: You have sharp toenails. [potion of
                  | mutation]
141368 | Tomb:3   | Lost mutation: Armour fits poorly on your strangely shaped
                  | body. [potion of mutation]
141368 | Tomb:3   | Lost mutation: You have a pair of small horns on your head.
                  | [potion of mutation]
141368 | Tomb:3   | Lost mutation: You have sharp toenails. [potion of
                  | mutation]
141368 | Tomb:3   | Lost mutation: You evolve. [potion of mutation]
141368 | Tomb:3   | Gained mutation: You expend magic power (3 MP) to
                  | strengthen your wands. [potion of mutation]
141368 | Tomb:3   | Gained mutation: You are agile. (Dex +2) [potion of
                  | mutation]
141369 | Tomb:3   | Lost mutation: You expend magic power (3 MP) to strengthen
                  | your wands. [potion of mutation]
141369 | Tomb:3   | Gained mutation: Your body sometimes deteriorates upon
                  | taking damage. [potion of mutation]
141369 | Tomb:3   | Gained mutation: You are strong-willed. (Will+) [potion of
                  | mutation]
141369 | Tomb:3   | Gained mutation: You expend magic power (3 MP) to
                  | strengthen your wands. [potion of mutation]
141370 | Tomb:3   | Lost mutation: Your body sometimes deteriorates upon taking
                  | damage. [potion of mutation]
141370 | Tomb:3   | Gained mutation: You have extremely sharp teeth. [potion of
                  | mutation]
141370 | Tomb:3   | Gained mutation: Armour fits poorly on your strangely
                  | shaped body. [potion of mutation]
141370 | Tomb:3   | Gained mutation: You are partially covered in thin metallic
                  | scales. (AC +2) [potion of mutation]
141371 | Tomb:3   | Lost mutation: You are agile. (Dex +2) [potion of mutation]
141371 | Tomb:3   | Lost mutation: You are strong-willed. (Will+) [potion of
                  | mutation]
141371 | Tomb:3   | Lost mutation: You expend magic power (3 MP) to strengthen
                  | your wands. [potion of mutation]
141371 | Tomb:3   | Gained mutation: Your mind is acute. (Int +2) [potion of
                  | mutation]
141371 | Tomb:3   | Lost mutation: Your mind is acute. (Int +2) [potion of
                  | mutation]
141371 | Tomb:3   | Gained mutation: Your movements are slightly less
                  | encumbered by armour. (ER -2) [potion of mutation]
141372 | Tomb:3   | Lost mutation: Armour fits poorly on your strangely shaped
                  | body. [potion of mutation]
141372 | Tomb:3   | Gained mutation: Your spells are a little easier to cast,
                  | but a little less powerful. [potion of mutation]
141372 | Tomb:3   | Gained mutation: You have large cloven feet. [potion of
                  | mutation]
141372 | Tomb:3   | Gained mutation: You evolve. [potion of mutation]
142293 | Zot:5    | Got the Orb of Zot
142342 | Zot:4    | Lost mutation: Your spells are a little easier to cast, but
                  | a little less powerful. [evolution]
142997 | D:$      | Escaped with the Orb!

Illustrated notes

Levels and vault maps discovered:
D:1:      psy_arrival_radial02, layout_basic
D:2:      layout_basic, minmay_tall_x
D:3:      layout_basic, lemuel_round_altar, cheibriados_altar_1,
          gammafunk_ghost_grave
D:4:      layout_loops_corners, minmay_temple_entry_poolview, serial_shops,
          shop, shop, shop, shop, nicolae_shop_stone,
          chequers_serial_rivers_room_b
D:5:      layout_basic, overflow_temple_1_default, uniq_menkaure, uniq_duvessa
D:6:      layout_basic, uniq_sigmund
D:7:      layout_basic, lightli_orcish_oven, uniq_maggie, uniq_harold,
          uniq_crazy_yiuf_cottage
D:8:      layout_loops_corners, nicolae_overflow_hidden_temple,
          lemuel_coloured_pillars_altar, serial_ice, serial_ice_e, serial_ice_i,
          serial_ice_a, serial_ice_m
D:9:      layout_stronghold, grunt_lair_entry_orc_guard_hut, uniq_erolcha,
          uniq_erica, uniq_joseph
D:10:     layout_rooms, serial_shops, shop
D:11:     layout_long_grid, bh_circular_ruins
D:12:     layout_basic, enter_bailey_4
D:13:     layout_roguey, grunt_vaults_entry_tiered, nzn_ghost_randoct,
          serial_undead, serial_undead_a, serial_undead_b, serial_undead_a,
          serial_undead_d, onia_ninara_dug_in_and_dangerous
D:14:     layout_gridville, hangedman_decor_growths, serial_shops,
          shop_fountains, nicolae_shop_crystal, kennysheep_little_box,
          ebering_ghost_reflecting_pool
D:15:     gammafunk_enter_depths_forms, layout_grid_maze,
          nicolae_ru_sacrificial_ziggurat, gammafunk_ghost_grave
Lair:1:   layout_gridlike, hibernation_bobbens, grunt_megastairs_3
Lair:2:   layout_roguey, minmay_shoals_entry_lonely_mermaid,
          minmay_snake_entry_guardpost_medium, serial_forest,
          infiniplex_forest_clump_small, infiniplex_forest_zigzag_2,
          infiniplex_forest_clump_small, infiniplex_forest_straight_1,
          infiniplex_forest_lined_room_3, portal_ice_cave_entry_pillars_1,
          minivault_25
Lair:3:   layout_roguey, lemuel_fruit_tree
Lair:4:   layout_misc_corridors
Lair:5:   layout_misc_corridors, lemuel_fruit_fields, uniq_urug
Lair:6:   cheibrodos_lair_end_hotspot, layout_loops_ring,
          minmay_slime_entry_jelly_boxes, nicolae_volcano_entry_two_sided
Shoals:1: layout_shoals, nicolae_shoals_kraken_intersection
Shoals:2: nicolae_shoals_island_circles, layout_shoals, serial_shops, shop,
          st_sunken_temple
Shoals:3: layout_shoals, serial_shops, shop, nicolae_island_escapes
Shoals:4: shoals_end_grunt_garden, layout_shoals, uniq_polyphemus,
          uniq_bai_suzhen
Snake:1:  layout_basic, special_room, gammafunk_ghost_split,
          nrook_loot_triangle, nicolae_alphabet_shops, uniq_donald
Snake:2:  layout_gridlike, uniq_roxanne
Snake:3:  layout_cave_town
Snake:4:  minmay_snake_end_coiled, layout_cave_town, gammafunk_ghost_grave,
          nicolae_snake_linked_coils, uniq_vashnia
Slime:1:  layout_caves
Slime:2:  layout_caves
Slime:3:  layout_caves
Slime:4:  layout_caves
Slime:5
Orc:1:    layout_caves, serial_shops, nicolae_shop_behind_doors,
          hangedman_minor_magic, uniq_maurice
Orc:2:    kennysheep_orc_mage_school, layout_diamond_mine, special_room,
          serial_shops, shop, chequers_guarded_unrand_ignorance
Elf:1:    eino_elf_arrival_sip, layout_rooms, serial_shops, shop,
          minmay_elf_sorcery, nicolae_elf_big_sculpture_3, minivault_8
Elf:2:    layout_geoelf_octagon
Elf:3:    grunt_elf_hall_spiral, layout_gridlike, nicolae_elf_big_sculpture_1
Vaults:1: ontoclasm_vaults_shuriken, nicolae_vaults_little_squares_3, v_misc_11,
          dpeg_vaults_monster_row, v_misc_27, nicolae_vaults_network_barrier,
          ontoclasm_vaults_bender, dpeg_vaults_pockets_of_resistance,
          vaults_standard_mumra_x, v_misc_14, vaults_dpeg_diagonal,
          vaults_room_pools, layout_vaults_ring, portal_desolation_entry_garden
Vaults:2: gammafunk_vaults_ghost_fury_of_okawaru, v_misc_10,
          ontoclasm_vaults_chip, grunt_vaults_twisty, grunt_tower_of_power,
          v_misc_4, nicolae_vaults_gold_heap, hangedman_vaults_corner_blocks,
          v_misc_17, v_misc_9, nicolae_vaults_little_squares_5,
          layout_vaults_maze_bifur, serial_shops, bzr_entry_islet
Vaults:3: minmay_crypt_entry_vampire_xt, vaults_room_boxed, v_misc_13,
          nicolae_vaults_sealed_display, v_misc_14, vaults_standard_mumra_lines,
          vaults_mumra_chevron_long, hangedman_vaults_capsules,
          nicolae_vaults_mini_display_case, nicolae_vaults_yaktaur_gun_rack,
          layout_vaults_chaotic_city, uniq_mara
Vaults:4: v_misc_33, hangedman_vaults_impose, ontoclasm_vaults_ring_large,
          nicolae_vaults_diagonal_hallway_6, grunt_vaults_swirl,
          hangedman_vaults_pinch, st_squares, v_misc_27,
          nicolae_vaults_little_squares_4, vaults_dpeg_encased_lava, v_misc_4,
          v_pattern_5, ontoclasm_vaults_ring_large, v_misc_15,
          ontoclasm_vaults_ring_small, vaults_room_fancy_cross,
          vaults_room_hallway, layout_vaults_omnibox
Vaults:5: uniq_margery
Crypt:1:  layout_gridlike, minmay_misc_feat_columns
Crypt:2:  layout_gridlike, uniq_xtahua, uniq_jory
Crypt:3:  quadcrypt_mu
Tomb:1
Tomb:2
Tomb:3:   uniq_khufu
Depths:1: layout_cave_shapes, hangedman_glass_teeth, rand_demon_pan_entry_1,
          hell_entry, horrible_house_mu, grunt_megastairs_4
Depths:2: minmay_swirls_squares, layout_basic, rand_demon_pan_entry_9, hex_tiny,
          grunt_hell_horde, chequers_serial_rivers_small_3,
          minmay_pinched_square, uniq_aizul
Depths:3: kennysheep_large_spiral, layout_cave_pools, pf_coc_iceberg,
          grunt_pan_entry_sceptre, serial_glass, glass_columns_a,
          glass_columns_c, amcnicky_mini_corridor_feature,
          minmay_staircase_bubble
Depths:4: minmay_the_grid_octo_tiled_octocenter [minmay_the_grid_octo_focus,
          minmay_the_grid_octo_teeth, minmay_the_grid_octo_odd_swirl,
          minmay_the_grid_octo_pinwheel,
          minmay_the_grid_octo_prize_square_snowflake,
          minmay_the_grid_square_5x5_tri_point,
          minmay_the_grid_square_5x5_minimal, minmay_the_grid_square_5x5_eight,
          minmay_the_grid_square_5x5_tie], layout_gridlike, enter_ziggurat_b,
          grunt_hell_entry_dis_mu, marbit_kobold_abyss_entry,
          minmay_crystal_water, pan_entry, grunt_ministairs_2,
          infiniplex_staircase_pillars_1
Depths:5: evilmike_zot_entry_round, layout_basic,
          chequers_serial_rivers_large_a, hell_entry, rand_demon_pan_entry_8,
          hangedman_aerie_drop
Hell
Dis:1:    layout_jigsaw, nicolae_dis_hell_towers
Dis:2:    layout_subdivisions
Dis:3:    lightli_tower_of_babel, layout_chaotic_city,
          hangedman_dis_decor_blocks_talon
Dis:4:    layout_gridville, hangedman_dis_decor_blocks_crown
Dis:5:    layout_subdivisions
Dis:6:    layout_jigsaw, hangedman_dis_chains, door_vault
Dis:7:    iron_city_of_dis [dis_grunt, dis_wall_2], layout_chaotic_city
Geh:1:    layout_gehenna_lava_caves, gehenna_fire_generator
Geh:2:    layout_gehenna_pools_triple
Geh:3:    layout_gehenna_pools_box
Geh:4:    layout_gehenna_lava_caves
Geh:5:    layout_gehenna_lava_caves
Geh:6:    layout_gehenna_pools_box
Geh:7:    geh_mu
Coc:1:    layout_cocytus_water_paths
Coc:2:    layout_ice_bergs
Coc:3:    layout_ice_bergs
Coc:4:    layout_ice_bergs
Coc:5:    layout_ice_bergs
Coc:6:    layout_ice_bergs
Coc:7:    coc_hangedman
Tar:1:    layout_catacombs
Tar:2:    layout_grid_maze
Tar:3:    layout_grid_maze, nicolae_tar_cuneiform_bread, grunt_megastairs_5
Tar:4:    layout_grid_maze, grunt_tartarus_stairs_gauntlet_trap
Tar:5:    layout_honeycomb
Tar:6:    layout_grid_maze
Tar:7:    tar_minmay_river
Zot:1:    hangedman_zot_vaults_quadrants, layout_onion_interference,
          st_single_dragon_hoard_3
Zot:2:    layout_gridlike, grunt_ministairs_14, grunt_megastairs_2
Zot:3:    layout_cathedral_of_symmetry
Zot:4:    layout_misc_corridors, nicolae_transmutations_shop
Zot:5:    layout_twisted_circle, grunt_ministairs_6, skrybe_zot_glass_3

Skill      XL: |  1  2  3  4  5  6  7  8  9 10 11 12 13 14 15 16 17 18 19 20 21 22 23 24 25 26 27 |
---------------+----------------------------------------------------------------------------------+-----
Invocations    | 1 2 3 4 5 6 7 8 9 10 11 12 13 14 15 16 17 18 27 | 27.0
Short Blades   | 1 2 3 4 5 6 7 8 9 10 11 12 13 14 15 16 17 27 | 27.0
Long Blades    | 1 2 3 4 5 6 7 8 9 10 11 12 13 14 15 16 17 27 | 27.0
Axes           | 1 2 3 4 5 6 7 8 9 10 11 12 13 14 15 16 17 27 | 27.0
Maces & Flails | 1 2 3 4 5 6 7 8 9 10 11 12 13 14 15 16 17 27 | 27.0
Staves         | 1 2 3 4 5 6 7 8 9 10 11 12 13 14 15 16 17 27 | 27.0
Slings         | 1 2 3 4 5 6 7 8 9 10 11 12 13 14 15 16 17 27 | 27.0
Bows           | 1 2 3 4 5 6 7 8 9 10 11 12 13 14 15 16 17 27 | 27.0
Crossbows      | 1 2 3 4 5 6 7 8 9 10 11 12 13 14 15 16 17 27 | 27.0
Armour         | 1 2 3 4 5 6 7 8 9 10 11 12 13 14 15 16 17 27 | 27.0
Stealth        | 1 2 3 4 5 6 7 8 9 10 11 12 13 14 15 16 17 27 | 27.0
Shields        | 1 2 3 4 5 6 7 8 9 10 11 12 13 14 15 16 17 27 | 27.0
Unarmed Combat | 1 2 3 4 5 6 7 8 9 10 11 12 13 14 15 16 17 27 | 27.0
Spellcasting   | 1 2 3 4 5 6 7 8 9 10 11 12 13 14 15 16 17 27 | 27.0
Evocations     | 1 2 3 4 5 6 7 8 9 10 11 12 13 14 15 16 17 27 | 27.0
Conjurations   | 1 2 3 4 5 6 7 8 9 10 11 12 13 14 26 | 26.8
Hexes          | 1 2 3 4 5 6 7 8 9 10 11 12 13 14 26 | 26.8
Summonings     | 1 2 3 4 5 6 7 8 9 10 11 12 13 14 26 | 26.8
Necromancy     | 1 2 3 4 5 6 7 8 9 10 11 12 13 14 26 | 26.8
Translocations | 1 2 3 4 5 6 7 8 9 10 11 12 13 14 26 | 26.8
Transmutations | 1 2 3 4 5 6 7 8 9 10 11 12 13 14 26 | 26.8
Fire Magic     | 1 2 3 4 5 6 7 8 9 10 11 12 13 14 26 | 26.8
Ice Magic      | 1 2 3 4 5 6 7 8 9 10 11 12 13 14 26 | 26.8
Air Magic      | 1 2 3 4 5 6 7 8 9 10 11 12 13 14 26 | 26.8
Earth Magic    | 1 2 3 4 5 6 7 8 9 10 11 12 13 14 26 | 26.8
Poison Magic   | 1 2 3 4 5 6 7 8 9 10 11 12 13 14 26 | 26.8
Fighting       | 5 6 7 8 9 10 11 12 13 14 15 16 17 27 | 27.0
Throwing       | 5 6 7 8 9 10 11 12 13 14 15 16 17 27 | 27.0
Polearms       | 7 8 9 10 11 12 13 14 15 16 17 27 | 27.0
Dodging        | 7 8 9 10 11 12 13 14 15 16 17 27 | 27.0

Action                   |  1- 3 |  4- 6 |  7- 9 | 10-12 | 13-15 | 16-18 | 19-21 | 22-24 | 25-27 || total
-------------------------+-------+-------+-------+-------+-------+-------+-------+-------+-------++-------
Melee: Trident           |   115 |    19 |   299 |   226 |       |       |       |       |       ||   659
       Bite              |    12 |    13 |    56 |   137 |   315 |   240 |   228 |   369 |  2998 ||  4368
       Glaive            |       |   151 |       |       |       |       |       |       |       ||   151
       War axe           |       |       |       |    52 |       |       |       |       |       ||    52
       Scimitar          |       |       |       |   290 |  1166 |   371 |       |       |       ||  1827
       Dagger            |       |       |       |       |       |   501 |       |    12 |       ||   513
       Demon trident     |       |       |       |       |       |    57 |  1456 |  1827 | 12540 || 15880
       Staff             |       |       |       |       |       |       |       |       |  1503 ||  1503
       Double sword      |       |       |       |       |       |       |       |       |   132 ||   132
       Maul              |       |       |       |       |       |       |       |       |    23 ||    23
       Headbutt          |       |       |       |       |       |       |       |       |    13 ||    13
 Fire: Hand crossbow     |       |       |       |   110 |    17 |    44 |       |       |   967 ||  1138
Throw: Throwing net      |       |       |       |       |       |       |       |       |     5 ||     5
 Cast: Olgreb's Toxic Ra |       |       |       |     7 |     9 |    57 |     6 |     9 |    27 ||   115
       Ignite Poison     |       |       |       |     4 |    11 |   107 |    13 |    22 |    54 ||   211
       Animate Dead      |       |       |       |       |     4 |       |       |       |       ||     4
       Irradiate         |       |       |       |       |     1 |    10 |    11 |    21 |   131 ||   174
       Borgnjor's Vile C |       |       |       |       |       |    10 |     1 |       |     4 ||    15
       Spellforged Servi |       |       |       |       |       |    10 |    37 |    22 |   171 ||   240
       Summon Lightning  |       |       |       |       |       |       |     5 |    10 |    10 ||    25
       Blink             |       |       |       |       |       |       |       |     2 |     4 ||     6
       Sublimation of Bl |       |       |       |       |       |       |       |     1 |    13 ||    14
       Apportation       |       |       |       |       |       |       |       |     1 |       ||     1
       Necromutation     |       |       |       |       |       |       |       |       |   334 ||   334
       Ignition          |       |       |       |       |       |       |       |       |   112 ||   112
       Infestation       |       |       |       |       |       |       |       |       |    28 ||    28
       Summon Horrible T |       |       |       |       |       |       |       |       |    27 ||    27
       Shatter           |       |       |       |       |       |       |       |       |    25 ||    25
       Dragon's Call     |       |       |       |       |       |       |       |       |     6 ||     6
       Portal Projectile |       |       |       |       |       |       |       |       |     3 ||     3
Invok: Bend Time         |       |       |     1 |     3 |       |       |       |       |       ||     4
       Slouch            |       |       |       |       |     2 |     1 |     1 |       |    12 ||    16
       Step From Time    |       |       |       |       |       |       |     1 |       |     1 ||     2
 Abil: End Transformatio |       |       |       |       |       |       |       |       |    13 ||    13
       Evoke Blink       |       |       |       |       |       |       |       |       |     5 ||     5
       Evoke Flight      |       |       |       |       |       |       |       |       |     2 ||     2
Evoke: Wand              |       |       |    14 |     1 |     2 |       |       |       |    60 ||    77
       Box of beasts     |       |       |       |       |       |       |       |       |     3 ||     3
       Figurine of a zig |       |       |       |       |       |       |       |       |     1 ||     1
  Use: Scroll            |     2 |       |     3 |     8 |    18 |    14 |    12 |    21 |   108 ||   186
       Potion            |       |       |       |     2 |     1 |     6 |     3 |     1 |    77 ||    90
 Stab: Sleeping          |     6 |     7 |     5 |    13 |    32 |     7 |    38 |    52 |   111 ||   271
       Distracted        |       |     2 |     2 |       |     6 |     4 |    23 |    20 |   230 ||   287
       Confused          |       |       |       |       |     1 |       |       |       |     1 ||     2
       Held in net/web   |       |       |       |       |       |       |       |       |     5 ||     5
       Paralysed         |       |       |       |       |       |       |       |       |     3 ||     3
       Invisible         |       |       |       |       |       |       |       |       |     2 ||     2
       Petrifying        |       |       |       |       |       |       |       |       |     1 ||     1
       Petrified         |       |       |       |       |       |       |       |       |     1 ||     1
Armor: Leather armour    |    10 |    20 |       |       |       |       |       |       |       ||    30
       Ring mail         |       |     9 |    51 |   113 |    77 |       |       |       |       ||   250
       Scale mail        |       |       |       |       |    51 |   140 |   116 |    56 |       ||   363
       Troll leather arm |       |       |       |       |    14 |       |       |       |       ||    14
       Pearl dragon scal |       |       |       |       |       |       |       |    71 |  2454 ||  2525
Dodge: Dodged            |    56 |   100 |   107 |   388 |   795 |   758 |   565 |   674 | 10279 || 13722
Block: Kite shield       |       |     5 |   180 |   566 |  1211 |  1003 |   903 |  1053 | 14747 || 19668
       Rpst.: Scimitar   |       |       |       |    36 |   171 |    43 |       |       |       ||   250
       Double sword      |       |       |       |       |       |       |       |       |    32 ||    32
